Workbook
Name _Toc57642926: 'Datos generales '!$A$5
Name Admin: 'Administrativo(1)'!$D$38
Name Admin: Administrativo!$D$30
Name Flia: Familia!$D$23
Name Infra: Infraestructura!$D$35
Name peda: Pedagogico!$D$25
Name salud: Salud!$D$26

Sheet Lista
A1: No Existe | B1: 2
A2: Existe | B2: 2
A4: Nulo | B4: 3 | E4: 2
A5: En desarrollo | B5: 3 | E5: 3
A6: Consolidado | B6: 3 | E6: 4
A7: Avanzado | B7: 3 | E7: 1
A10: No existe | B10: 1
A11: En desarrollo | B11: 1
A12: Existe | B12: 1
A15: Bajo | B15: 4
A16: Medio | B16: 4
A17: Alto | B17: 4
A18: Superior | B18: 4
A21: Nulo | B21: 5
A22: Regular | B22: 5
A23: Buena | B23: 5
A24: Excelente | B24: 5

Sheet BASE
B1: No. Criterio | C1: Criterio de calidad - instrumento | D1: No Existe | F1: Existe | H1: Resultado | I1: Acciones de Mejora
A2: Infraestructura y Ambientes protectores y seguros | H2: =IF(F2="X",AVERAGE(H38:H40),0) -> 0
A3: Infraestructura y Ambientes protectores y seguros | H3: =IF(F3="X",1,0) -> 0
A4: Infraestructura y Ambientes protectores y seguros | H4: =IF(F4="X",1,0) -> 0
A5: Infraestructura y Ambientes protectores y seguros | H5: =IF(F5="X",1,0) -> 0
A6: Infraestructura y Ambientes protectores y seguros | H6: =IF(F6="X",1,0) -> 0
H7: =IF(F7="X",1,"")
H8: =IF(F8="X",1,"")
H9: =IF(F9="X",1,"")
A10: Componente | B10: No. Criterio | C10: Criterio de calidad - instrumento | D10: Nulo | E10: En desarrollo | F10: Consolidado | G10: Avanzado | H10: Resultado | I10: Acciones de Mejora
A11: Infraestructura y Ambientes protectores y seguros | H11: =IF(D11="X",0,IF(E11="X",0.5,IF(F11="X",0.75,IF(G11="X",1,0)))) -> 0
A12: Infraestructura y Ambientes protectores y seguros | H12: =IF(D12="X",0,IF(E12="X",0.5,IF(F12="X",0.75,IF(G12="X",1,0)))) -> 0
A13: Infraestructura y Ambientes protectores y seguros | H13: =IF(D13="X",0,IF(E13="X",0.5,IF(F13="X",0.75,IF(G13="X",1,0)))) -> 0
A14: Infraestructura y Ambientes protectores y seguros | H14: =IF(D14="X",0,IF(E14="X",0.5,IF(F14="X",0.75,IF(G14="X",1,0)))) -> 0
A15: Infraestructura y Ambientes protectores y seguros | H15: =IF(D15="X",0,IF(E15="X",0.5,IF(F15="X",0.75,IF(G15="X",1,0)))) -> 0
A16: Infraestructura y Ambientes protectores y seguros | H16: =IF(D16="X",0,IF(E16="X",0.5,IF(F16="X",0.75,IF(G16="X",1,0)))) -> 0
A17: Infraestructura y Ambientes protectores y seguros | H17: =IF(D17="X",0,IF(E17="X",0.5,IF(F17="X",0.75,IF(G17="X",1,0)))) -> 0
A18: Infraestructura y Ambientes protectores y seguros | H18: =IF(D18="X",0,IF(E18="X",0.5,IF(F18="X",0.75,IF(G18="X",1,0)))) -> 0
H19: =IF(D19="X",0,IF(E19="X",0.5,IF(F19="X",0.75,IF(G19="X",1,""))))
H20: =IF(D20="X",0,IF(E20="X",0.5,IF(F20="X",0.75,IF(G20="X",1,""))))
H21: =IF(D21="X",0,IF(E21="X",0.5,IF(F21="X",0.75,IF(G21="X",1,""))))
A22: Componente | B22: No. Criterio | C22: Criterio de calidad - instrumento | D22: Bajo | E22: Medio | F22: Alto | G22: Superior | H22: Resultado | I22: Acciones de Mejora
A23: Infraestructura y Ambientes protectores y seguros | H23: =IF(D23="X",0,IF(E23="X",0.5,IF(F23="X",0.75,IF(G23="X",1,0)))) -> 0
A24: Infraestructura y Ambientes protectores y seguros | H24: =IF(D24="X",0,IF(E24="X",0.5,IF(F24="X",0.75,IF(G24="X",1,0)))) -> 0
A25: Infraestructura y Ambientes protectores y seguros | H25: =IF(D25="X",0,IF(E25="X",0.5,IF(F25="X",0.75,IF(G25="X",1,0)))) -> 0
A26: Infraestructura y Ambientes protectores y seguros | H26: =IF(D26="X",0,IF(E26="X",0.5,IF(F26="X",0.75,IF(G26="X",1,0)))) -> 0
A27: Infraestructura y Ambientes protectores y seguros | H27: =IF(D27="X",0,IF(E27="X",0.5,IF(F27="X",0.75,IF(G27="X",1,0)))) -> 0
A28: Infraestructura y Ambientes protectores y seguros | H28: =IF(D28="X",0,IF(E28="X",0.5,IF(F28="X",0.75,IF(G28="X",1,0)))) -> 0
A29: Infraestructura y Ambientes protectores y seguros | H29: =IF(D29="X",0,IF(E29="X",0.5,IF(F29="X",0.75,IF(G29="X",1,0)))) -> 0
A30: Infraestructura y Ambientes protectores y seguros | H30: =IF(D30="X",0,IF(E30="X",0.5,IF(F30="X",0.75,IF(G30="X",1,0)))) -> 0
H31: =IF(D31="X",0,IF(E31="X",0.5,IF(F31="X",0.75,IF(G31="X",1,""))))
H32: =IF(D32="X",0,IF(E32="X",0.5,IF(F32="X",0.75,IF(G32="X",1,""))))
H33: =IF(D33="X",0,IF(E33="X",0.5,IF(F33="X",0.75,IF(G33="X",1,""))))
A34: Componente | B34: No. Criterio | C34: Criterio de calidad - instrumento | D34: Nulo | E34: Regular | F34: Buena | G34: Excelente | H34: Resultado | I34: Acciones de Mejora
A35: Infraestructura y Ambientes protectores y seguros | H35: =IF(D35="X",0,IF(E35="X",0.5,IF(F35="X",0.75,IF(G35="X",1,0)))) -> 0
A36: Infraestructura y Ambientes protectores y seguros | H36: =IF(D36="X",0,IF(E36="X",0.5,IF(F36="X",0.75,IF(G36="X",1,0)))) -> 0
A37: Infraestructura y Ambientes protectores y seguros | H37: =IF(D37="X",0,IF(E37="X",0.5,IF(F37="X",0.75,IF(G37="X",1,0)))) -> 0
A38: Infraestructura y Ambientes protectores y seguros | H38: =IF(D38="X",0,IF(E38="X",0.5,IF(F38="X",0.75,IF(G38="X",1,0)))) -> 0
A39: Infraestructura y Ambientes protectores y seguros | H39: =IF(D39="X",0,IF(E39="X",0.5,IF(F39="X",0.75,IF(G39="X",1,0)))) -> 0
A40: Infraestructura y Ambientes protectores y seguros | H40: =IF(D40="X",0,IF(E40="X",0.5,IF(F40="X",0.75,IF(G40="X",1,0)))) -> 0
A41: Infraestructura y Ambientes protectores y seguros | H41: =IF(D41="X",0,IF(E41="X",0.5,IF(F41="X",0.75,IF(G41="X",1,0)))) -> 0
A42: Infraestructura y Ambientes protectores y seguros | H42: =IF(D42="X",0,IF(E42="X",0.5,IF(F42="X",0.75,IF(G42="X",1,0)))) -> 0
H43: =IF(D43="X",0,IF(E43="X",0.5,IF(F43="X",0.75,IF(G43="X",1,""))))
H44: =IF(D44="X",0,IF(E44="X",0.5,IF(F44="X",0.75,IF(G44="X",1,""))))
H45: =IF(D45="X",0,IF(E45="X",0.5,IF(F45="X",0.75,IF(G45="X",1,""))))
B46: No. Criterio | C46: Criterio de calidad - instrumento | D46: No existe | E46: En desarrollo | G46: Existe | H46: Resultado | I46: Acciones de Mejora
A47: Infraestructura y Ambientes protectores y seguros | H47: =IF(G47="X",1,IF(E47="X",0.5,0)) -> 0
A48: Infraestructura y Ambientes protectores y seguros | H48: =IF(G48="X",1,IF(E48="X",0.5,0)) -> 0
A49: Infraestructura y Ambientes protectores y seguros | H49: =IF(G49="X",1,IF(E49="X",0.5,0)) -> 0
A50: Infraestructura y Ambientes protectores y seguros | H50: =IF(G50="X",1,IF(E50="X",0.5,0)) -> 0
A51: Infraestructura y Ambientes protectores y seguros | H51: =IF(G51="X",1,IF(E51="X",0.5,0)) -> 0
H52: =IF(G52="X",1,IF(E52="X",0.5,""))
H53: =IF(G53="X",1,IF(E53="X",0.5,""))
H54: =IF(G54="X",1,IF(E54="X",0.5,""))
C55: TOTAL | D55: =AVERAGE($H$47:$H$54,$H$41:$H$45,$H$2:$H$9,$H$35:$H$37) -> 0

Sheet Instrumento (2)
B1: MATRIZ DE AUTO-EVALUACIÓN
B2: COMPONENTES Y CRITERIOS DE CALIDAD
B3: RESIDENCIAS ESCOLARES
A5: Componente | B5: No. Criterio | C5: Criterio de calidad - instrumento | D5: No. Pregunta | E5: Inexistente | F5: Existente | G5: En Desarrollo | H5: Consolidado | I5: Mejora Continua | J5: Acciones de Mejora | K5: FACTOR DE PONDERACIÓN | L5: RESULTADO
E6: Inexistente | F6: Existe
A7: Administrativo y Gestión | B7: 1 | C7: La sede o sedes del establecimiento educativo con residencia escolar, cuenta con un documento de la estrategia de acogida, bienestar y permanencia para estudiantes residentes, articulado con el horizonte institucional. | D7: 42 | F7: X | K7: =100/$D$87 -> 1.4285714 | L7: =IF(E7="X",#REF!,IF(F7="X",#REF!,IF('Instrumento (2)'!G7="X",#REF!,IF('Instrumento (2)'!H7="X",#REF!,IF('Instrumento (2)'!I7="X",#REF!,0))))) -> #REF!
D8: 0 | E8: Inexistente | F8: En desarrollo | G8: Existente | H8: 100
A9: Administrativo y Gestión | B9: 2 | C9: Dentro de los documentos institucionales (PEI y Manual de Convivencia), se define de manera detallada un perfil del estudiante residente que se quiere formar. | D9: 43 | F9: X | K9: =100/$D$87 -> 1.4285714 | L9: =IF(E9="X",#REF!,IF(F9="X",#REF!,IF('Instrumento (2)'!G9="X",#REF!,IF('Instrumento (2)'!H9="X",#REF!,IF('Instrumento (2)'!I9="X",#REF!,0))))) -> #REF!
A10: Administrativo y Gestión | B10: 3 | C10: Los perfiles del talento humano de la residencia escolar, están claramente definidos e integrados a los documentos de gestión institucional en particular el PEI y allí se detallan los requisitos mínimos y las funciones del personal que estará a cargo de la atención a los estudiantes residentes. | D10: 44 | F10: X | K10: =$K$9/6 -> 0.23809524 | L10: =IF(E10="X",#REF!,IF(F10="X",#REF!,IF('Instrumento (2)'!G10="X",#REF!,IF('Instrumento (2)'!H10="X",#REF!,IF('Instrumento (2)'!I10="X",#REF!,0))))) -> #REF!
E11: Inexistente | F11: Existente
A12: Administrativo y Gestión | B12: 3.a. | C12: La residencia escolar cuenta con Directivo Rural. | F12: X | K12: =$K$9/6 -> 0.23809524 | L12: =IF(E12="X",#REF!,IF(F12="X",#REF!,IF('Instrumento (2)'!G12="X",#REF!,IF('Instrumento (2)'!H12="X",#REF!,IF('Instrumento (2)'!I12="X",#REF!,0))))) -> #REF!
A13: Administrativo y Gestión | B13: 3.b. | C13: La residencia escolar cuenta con Coordinador académico, de disciplina o de estudiantes residentes. | F13: X | K13: =$K$9/6 -> 0.23809524 | L13: =IF(E13="X",#REF!,IF(F13="X",#REF!,IF('Instrumento (2)'!G13="X",#REF!,IF('Instrumento (2)'!H13="X",#REF!,IF('Instrumento (2)'!I13="X",#REF!,0))))) -> #REF!
A14: Administrativo y Gestión | B14: 3.c. | C14: La residencia escolar cuenta con docentes en cada área del conocimiento, en los diferentes niveles educativos. | F14: X | K14: =$K$9/6 -> 0.23809524 | L14: =IF(E14="X",#REF!,IF(F14="X",#REF!,IF('Instrumento (2)'!G14="X",#REF!,IF('Instrumento (2)'!H14="X",#REF!,IF('Instrumento (2)'!I14="X",#REF!,0))))) -> #REF!
A15: Administrativo y Gestión | B15: 3.d. | C15: La residencia escolar cuenta con Psico Orientador o personal para apoyo a orientación de estudiantes residentes. | G15: X | K15: =$K$9/6 -> 0.23809524 | L15: =IF(E15="X",#REF!,IF(F15="X",#REF!,IF('Instrumento (2)'!G15="X",#REF!,IF('Instrumento (2)'!H15="X",#REF!,IF('Instrumento (2)'!I15="X",#REF!,0))))) -> #REF!
A16: Administrativo y Gestión | B16: 3.e. | C16: La residencia escolar cuenta con personal de manipulación de alimentos idóneo para el cumplimiento de sus funciones (El personal debe contar con certificado del curso de manipulación de alimentos vigente) | G16: X | K16: =$K$9/6 -> 0.23809524 | L16: =IF(E16="X",#REF!,IF(F16="X",#REF!,IF('Instrumento (2)'!G16="X",#REF!,IF('Instrumento (2)'!H16="X",#REF!,IF('Instrumento (2)'!I16="X",#REF!,0))))) -> #REF!
A17: Administrativo y Gestión | B17: 4 | C17: Durante el proceso de matrícula de las niñas, niños y adolescentes, se verifica por parte del personal directivo y administrativo de la residencia escolar, que se cumpla con las siguientes características para su ingreso a la residencia escolar: (1. Tener ocho (8) años cumplidos al momento de ingresar a la residencia escolar y no superar la mayoría de edad, 2. Residir en zonas rurales de movilidad compleja, 3. No contar con otra oferta educativa cercana a su residencia, 4. Las niñas, niños y adolescentes no son beneficiarios de otras estrategias de bienestar y permanencia como: transporte escolar, modelos de educación flexible) | D17: 45 | G17: X | K17: =100/$D$87 -> 1.4285714 | L17: =IF(E17="X",#REF!,IF(F17="X",#REF!,IF('Instrumento (2)'!G17="X",#REF!,IF('Instrumento (2)'!H17="X",#REF!,IF('Instrumento (2)'!I17="X",#REF!,0))))) -> #REF!
A18: Administrativo y Gestión | B18: 5 | C18: En la residencia escolar se cuenta con instrumentos como: (formatos, fichas, caracterizaciones), para el respectivo seguimiento y control a los estudiantes residentes durante su permanencia en el establecimiento educativo y al momento de salir a visitas familiares o por motivos de salud. | D18: 46 | G18: X | K18: =100/$D$87 -> 1.4285714 | L18: =IF(E18="X",#REF!,IF(F18="X",#REF!,IF('Instrumento (2)'!G18="X",#REF!,IF('Instrumento (2)'!H18="X",#REF!,IF('Instrumento (2)'!I18="X",#REF!,0))))) -> #REF!
A19: Administrativo y Gestión | B19: 6 | C19: Cuando las y los estudiantes salen de la residencia escolar de forma definitiva, se realiza una valoración de salida que incluya al menos los siguientes criterios: (1. Aspectos de convivencia, académicos y promoción del grado escolar. 2. Análisis del diario del estudiante residente, 3. Desempeños en cada una de las áreas del conocimiento y 4. Seguimiento a salidas de la residencia escolar) | D19: 47 | G19: X | K19: =100/$D$87 -> 1.4285714 | L19: =IF(E19="X",#REF!,IF(F19="X",#REF!,IF('Instrumento (2)'!G19="X",#REF!,IF('Instrumento (2)'!H19="X",#REF!,IF('Instrumento (2)'!I19="X",#REF!,0))))) -> #REF!
A20: Administrativo y Gestión | B20: 7 | C20: Se cuenta en la residencia escolar con procesos o instrumentos que hagan seguimiento diario a las actividades cotidianas de estudiantes residentes. | D20: 48 | G20: X | K20: =100/$D$87 -> 1.4285714 | L20: =IF(E20="X",#REF!,IF(F20="X",#REF!,IF('Instrumento (2)'!G20="X",#REF!,IF('Instrumento (2)'!H20="X",#REF!,IF('Instrumento (2)'!I20="X",#REF!,0))))) -> #REF!
A21: Administrativo y Gestión | B21: 8 | C21: Como actividades complementarias a los procesos académicos, la residencia escolar programa espacios que involucran a estudiantes residentes teniendo en cuenta aspectos afectivos, emocionales, psicológicos, desarrollo corporal, lúdico, artístico y recreativo. | D21: 49 | H21: X | K21: =100/$D$87 -> 1.4285714 | L21: =IF(E21="X",#REF!,IF(F21="X",#REF!,IF('Instrumento (2)'!G21="X",#REF!,IF('Instrumento (2)'!H21="X",#REF!,IF('Instrumento (2)'!I21="X",#REF!,0))))) -> #REF!
A22: Administrativo y Gestión | B22: 9 | C22: Se cuenta con una instancia o ente específico para la coordinación, seguimiento y apoyo a las actividades que se realizan al interior de la residencia escolar, el cual garantiza la participación de los diferentes miembros de la comunidad educativa. | D22: 50 | H22: X | K22: =100/$D$87 -> 1.4285714 | L22: =IF(E22="X",#REF!,IF(F22="X",#REF!,IF('Instrumento (2)'!G22="X",#REF!,IF('Instrumento (2)'!H22="X",#REF!,IF('Instrumento (2)'!I22="X",#REF!,0))))) -> #REF!
A23: Administrativo y Gestión | B23: 10 | C23: Dentro de los procesos de gestión de calidad y administración del establecimiento educativo, se realizan actividades de capacitación al equipo de talento humano de la residencia escolar, con el propósito de promover un mejor desarrollo de actividades que permitan la eficiencia y el mejoramiento continuo. | D23: 51 | H23: X | K23: =100/$D$87 -> 1.4285714 | L23: =IF(E23="X",#REF!,IF(F23="X",#REF!,IF('Instrumento (2)'!G23="X",#REF!,IF('Instrumento (2)'!H23="X",#REF!,IF('Instrumento (2)'!I23="X",#REF!,0))))) -> #REF!
A24: Administrativo y Gestión | B24: 11 | C24: En la residencia escolar se hace revisión del inventario de bienes con los que se cuenta de forma continua, periódica y organizada, con el objetivo de establecer la disponibilidad de recursos físicos para determinar aquellos que deban darse de baja, reponerse o adquirirse. | D24: 52 | H24: X | K24: =100/$D$87 -> 1.4285714 | L24: =IF(E24="X",#REF!,IF(F24="X",#REF!,IF('Instrumento (2)'!G24="X",#REF!,IF('Instrumento (2)'!H24="X",#REF!,IF('Instrumento (2)'!I24="X",#REF!,0))))) -> #REF!
A25: Administrativo y Gestión | B25: 12 | C25: El personal directivo y administrativo de la residencia escolar, realiza un proceso de seguimiento y auditoría al cargue de matrícula de estudiantes residentes en SIMAT, cumpliendo con principios de calidad, oportunidad y veracidad de la información, atendiendo a orientaciones de las Secretarías de Educación y el MEN. | D25: 53 | H25: X | K25: =100/$D$87 -> 1.4285714 | L25: =IF(E25="X",#REF!,IF(F25="X",#REF!,IF('Instrumento (2)'!G25="X",#REF!,IF('Instrumento (2)'!H25="X",#REF!,IF('Instrumento (2)'!I25="X",#REF!,0))))) -> #REF!
E26: Bajo | F26: Básico | G26: Avanzado | H26: Superior
A27: Administrativo y Gestión | B27: 13 | C27: Los directivos y docentes del establecimiento educativo, conocen las condiciones mínimas para acceder a proyectos del Sistema General de Regalías (SGR) y tienen identificadas iniciativas desde cada área del conocimiento, que pueden formularse para ser financiadas por el mismo. | D27: 54 | E27: X | K27: =100/$D$87 -> 1.4285714 | L27: =IF(E27="X",#REF!,IF(F27="X",#REF!,IF('Instrumento (2)'!G27="X",#REF!,IF('Instrumento (2)'!H27="X",#REF!,IF('Instrumento (2)'!I27="X",#REF!,0))))) -> #REF!
A28: Administrativo y Gestión | B28: 14 | C28: Los directivos y docentes del establecimiento educativo, identifican actores estratégicos claves de la comunidad, sector educativo, productivo, económico, no gubernamentales, con los cuales se pueda articular la residencia escolar, para la celebración de convenios y alianzas . | D28: 55 | F28: X | K28: =100/$D$87 -> 1.4285714 | L28: =IF(E28="X",#REF!,IF(F28="X",#REF!,IF('Instrumento (2)'!G28="X",#REF!,IF('Instrumento (2)'!H28="X",#REF!,IF('Instrumento (2)'!I28="X",#REF!,0))))) -> #REF!
A29: Familia, Comunidad y Redes | B29: 1 | C29: Dispone de la ficha de caracterización sociofamiliar diligenciada de cada estudiante residente. | D29: 1 | E29: X | K29: =100/$D$87 -> 1.4285714 | L29: =IF(E29="X",#REF!,IF(F29="X",#REF!,IF('Instrumento (2)'!G29="X",#REF!,IF('Instrumento (2)'!H29="X",#REF!,IF('Instrumento (2)'!I29="X",#REF!,0))))) -> #REF!
A30: Familia, Comunidad y Redes | B30: 2 | C30: Cuenta con un plan de acompañamiento psicosocial para cada estudiante residente | D30: 2 | F30: X | K30: =100/$D$87 -> 1.4285714 | L30: =IF(E30="X",#REF!,IF(F30="X",#REF!,IF('Instrumento (2)'!G30="X",#REF!,IF('Instrumento (2)'!H30="X",#REF!,IF('Instrumento (2)'!I30="X",#REF!,0))))) -> #REF!
A31: Familia, Comunidad y Redes | B31: 3 | C31: Identifica y gestiona situaciones de vulneración de derechos de las y los estudiantes residentes. | D31: 3 | G31: X | K31: =100/$D$87 -> 1.4285714 | L31: =IF(E31="X",#REF!,IF(F31="X",#REF!,IF('Instrumento (2)'!G31="X",#REF!,IF('Instrumento (2)'!H31="X",#REF!,IF('Instrumento (2)'!I31="X",#REF!,0))))) -> #REF!
A32: Familia, Comunidad y Redes | B32: 4 | C32: Activa las rutas de atención ante cualquier situación de vulneración de derechos. | D32: 4 | H32: X | K32: =100/$D$87 -> 1.4285714 | L32: =IF(E32="X",#REF!,IF(F32="X",#REF!,IF('Instrumento (2)'!G32="X",#REF!,IF('Instrumento (2)'!H32="X",#REF!,IF('Instrumento (2)'!I32="X",#REF!,0))))) -> #REF!
A33: Familia, Comunidad y Redes | B33: 5 | C33: Cuenta con un mapeo de actores, ruta de atención integral del Municipio y Plan de Atención Integral. | D33: 5 | I33: X | K33: =100/$D$87 -> 1.4285714 | L33: =IF(E33="X",#REF!,IF(F33="X",#REF!,IF('Instrumento (2)'!G33="X",#REF!,IF('Instrumento (2)'!H33="X",#REF!,IF('Instrumento (2)'!I33="X",#REF!,0))))) -> #REF!
A34: Familia, Comunidad y Redes | B34: 6 | C34: Cuenta con un cronograma donde se visibiliza acciones de fortalecimiento del vínculo Familia – Escuela. | D34: 6 | F34: X | K34: =100/$D$87 -> 1.4285714 | L34: =IF(E34="X",#REF!,IF(F34="X",#REF!,IF('Instrumento (2)'!G34="X",#REF!,IF('Instrumento (2)'!H34="X",#REF!,IF('Instrumento (2)'!I34="X",#REF!,0))))) -> #REF!
A35: Familia, Comunidad y Redes | B35: 7 | C35: Dispone de evidencias donde se visibilizan acciones de fortalecimiento del vínculo Familia – Escuela. | D35: 7 | F35: X | K35: =100/$D$87 -> 1.4285714 | L35: =IF(E35="X",#REF!,IF(F35="X",#REF!,IF('Instrumento (2)'!G35="X",#REF!,IF('Instrumento (2)'!H35="X",#REF!,IF('Instrumento (2)'!I35="X",#REF!,0))))) -> #REF!
A36: Familia, Comunidad y Redes | B36: 8 | C36: Realiza encuentros periódicos entre la familia y/o responsables, y las niñas, niños y adolescentes. Como una estrategia de fortalecimiento del vínculo afectivo. | D36: 8 | G36: X | K36: =100/$D$87 -> 1.4285714 | L36: =IF(E36="X",#REF!,IF(F36="X",#REF!,IF('Instrumento (2)'!G36="X",#REF!,IF('Instrumento (2)'!H36="X",#REF!,IF('Instrumento (2)'!I36="X",#REF!,0))))) -> #REF!
A37: Familia, Comunidad y Redes | B37: 9 | C37: Propicia encuentros y/o actividades entre las y los estudiantes residentes y la comunidad. | D37: 9 | G37: X | K37: =100/$D$87 -> 1.4285714 | L37: =IF(E37="X",#REF!,IF(F37="X",#REF!,IF('Instrumento (2)'!G37="X",#REF!,IF('Instrumento (2)'!H37="X",#REF!,IF('Instrumento (2)'!I37="X",#REF!,0))))) -> #REF!
A38: Familia, Comunidad y Redes | B38: 10 | C38: Fomenta la comunicación (llamadas – video llamadas – mensajes de audio, cartas) permanente entre la familia y las y los estudiantes residentes. | D38: 10 | G38: X | K38: =100/$D$87 -> 1.4285714 | L38: =IF(E38="X",#REF!,IF(F38="X",#REF!,IF('Instrumento (2)'!G38="X",#REF!,IF('Instrumento (2)'!H38="X",#REF!,IF('Instrumento (2)'!I38="X",#REF!,0))))) -> #REF!
A39: Familia, Comunidad y Redes | B39: 11 | C39: Realiza escuela de padres. (4 veces al año) | D39: 11 | G39: X | K39: =100/$D$87 -> 1.4285714 | L39: =IF(E39="X",#REF!,IF(F39="X",#REF!,IF('Instrumento (2)'!G39="X",#REF!,IF('Instrumento (2)'!H39="X",#REF!,IF('Instrumento (2)'!I39="X",#REF!,0))))) -> #REF!
A40: Familia, Comunidad y Redes | B40: 12 | C40: Realiza actividades recro- deportivas vinculando a estudiantes, madres y padres de familia y comunidad. (3 veces al año) | D40: 12 | G40: X | K40: =100/$D$87 -> 1.4285714 | L40: =IF(E40="X",#REF!,IF(F40="X",#REF!,IF('Instrumento (2)'!G40="X",#REF!,IF('Instrumento (2)'!H40="X",#REF!,IF('Instrumento (2)'!I40="X",#REF!,0))))) -> #REF!
A41: Familia, Comunidad y Redes | B41: 13 | C41: Promueve acciones para visibilizar las prácticas culturales y preservar la cultura de la región. | D41: 13 | H41: X | K41: =100/$D$87 -> 1.4285714 | L41: =IF(E41="X",#REF!,IF(F41="X",#REF!,IF('Instrumento (2)'!G41="X",#REF!,IF('Instrumento (2)'!H41="X",#REF!,IF('Instrumento (2)'!I41="X",#REF!,0))))) -> #REF!
A42: Pedagógico y Vida Cotidiana | B42: 1 | D42: 27 | G42: X | K42: =100/$D$87 -> 1.4285714 | L42: =IF(E42="X",#REF!,IF(F42="X",#REF!,IF('Instrumento (2)'!G42="X",#REF!,IF('Instrumento (2)'!H42="X",#REF!,IF('Instrumento (2)'!I42="X",#REF!,0))))) -> #REF!
A43: Pedagógico y Vida Cotidiana | B43: 2 | D43: 28 | G43: X | K43: =100/$D$87 -> 1.4285714 | L43: =IF(E43="X",#REF!,IF(F43="X",#REF!,IF('Instrumento (2)'!G43="X",#REF!,IF('Instrumento (2)'!H43="X",#REF!,IF('Instrumento (2)'!I43="X",#REF!,0))))) -> #REF!
A44: Pedagógico y Vida Cotidiana | B44: 3 | D44: 29 | G44: X | K44: =100/$D$87 -> 1.4285714 | L44: =IF(E44="X",#REF!,IF(F44="X",#REF!,IF('Instrumento (2)'!G44="X",#REF!,IF('Instrumento (2)'!H44="X",#REF!,IF('Instrumento (2)'!I44="X",#REF!,0))))) -> #REF!
A45: Pedagógico y Vida Cotidiana | B45: 4 | D45: 30 | H45: X | K45: =100/$D$87 -> 1.4285714 | L45: =IF(E45="X",#REF!,IF(F45="X",#REF!,IF('Instrumento (2)'!G45="X",#REF!,IF('Instrumento (2)'!H45="X",#REF!,IF('Instrumento (2)'!I45="X",#REF!,0))))) -> #REF!
A46: Pedagógico y Vida Cotidiana | B46: 5 | D46: 31 | H46: X | K46: =100/$D$87 -> 1.4285714 | L46: =IF(E46="X",#REF!,IF(F46="X",#REF!,IF('Instrumento (2)'!G46="X",#REF!,IF('Instrumento (2)'!H46="X",#REF!,IF('Instrumento (2)'!I46="X",#REF!,0))))) -> #REF!
A47: Pedagógico y Vida Cotidiana | B47: 6 | D47: 32 | H47: X | K47: =100/$D$87 -> 1.4285714 | L47: =IF(E47="X",#REF!,IF(F47="X",#REF!,IF('Instrumento (2)'!G47="X",#REF!,IF('Instrumento (2)'!H47="X",#REF!,IF('Instrumento (2)'!I47="X",#REF!,0))))) -> #REF!
A48: Pedagógico y Vida Cotidiana | B48: 7 | D48: 33 | H48: X | K48: =100/$D$87 -> 1.4285714 | L48: =IF(E48="X",#REF!,IF(F48="X",#REF!,IF('Instrumento (2)'!G48="X",#REF!,IF('Instrumento (2)'!H48="X",#REF!,IF('Instrumento (2)'!I48="X",#REF!,0))))) -> #REF!
A49: Pedagógico y Vida Cotidiana | B49: 8 | D49: 34 | E49: X | K49: =100/$D$87 -> 1.4285714 | L49: =IF(E49="X",#REF!,IF(F49="X",#REF!,IF('Instrumento (2)'!G49="X",#REF!,IF('Instrumento (2)'!H49="X",#REF!,IF('Instrumento (2)'!I49="X",#REF!,0))))) -> #REF!
A50: Pedagógico y Vida Cotidiana | B50: 9 | D50: 35 | E50: X | K50: =100/$D$87 -> 1.4285714 | L50: =IF(E50="X",#REF!,IF(F50="X",#REF!,IF('Instrumento (2)'!G50="X",#REF!,IF('Instrumento (2)'!H50="X",#REF!,IF('Instrumento (2)'!I50="X",#REF!,0))))) -> #REF!
A51: Pedagógico y Vida Cotidiana | B51: 10 | D51: 36 | E51: X | K51: =100/$D$87 -> 1.4285714 | L51: =IF(E51="X",#REF!,IF(F51="X",#REF!,IF('Instrumento (2)'!G51="X",#REF!,IF('Instrumento (2)'!H51="X",#REF!,IF('Instrumento (2)'!I51="X",#REF!,0))))) -> #REF!
A52: Pedagógico y Vida Cotidiana | B52: 11 | D52: 37 | E52: X | K52: =100/$D$87 -> 1.4285714 | L52: =IF(E52="X",#REF!,IF(F52="X",#REF!,IF('Instrumento (2)'!G52="X",#REF!,IF('Instrumento (2)'!H52="X",#REF!,IF('Instrumento (2)'!I52="X",#REF!,0))))) -> #REF!
A53: Pedagógico y Vida Cotidiana | B53: 12 | D53: 38 | E53: X | K53: =100/$D$87 -> 1.4285714 | L53: =IF(E53="X",#REF!,IF(F53="X",#REF!,IF('Instrumento (2)'!G53="X",#REF!,IF('Instrumento (2)'!H53="X",#REF!,IF('Instrumento (2)'!I53="X",#REF!,0))))) -> #REF!
A54: Pedagógico y Vida Cotidiana | B54: 13 | D54: 39 | E54: X | K54: =100/$D$87 -> 1.4285714 | L54: =IF(E54="X",#REF!,IF(F54="X",#REF!,IF('Instrumento (2)'!G54="X",#REF!,IF('Instrumento (2)'!H54="X",#REF!,IF('Instrumento (2)'!I54="X",#REF!,0))))) -> #REF!
A55: Pedagógico y Vida Cotidiana | B55: 14 | D55: 40 | E55: X | K55: =100/$D$87 -> 1.4285714 | L55: =IF(E55="X",#REF!,IF(F55="X",#REF!,IF('Instrumento (2)'!G55="X",#REF!,IF('Instrumento (2)'!H55="X",#REF!,IF('Instrumento (2)'!I55="X",#REF!,0))))) -> #REF!
A56: Pedagógico y Vida Cotidiana | B56: 15 | D56: 41 | E56: X | K56: =100/$D$87 -> 1.4285714 | L56: =IF(E56="X",#REF!,IF(F56="X",#REF!,IF('Instrumento (2)'!G56="X",#REF!,IF('Instrumento (2)'!H56="X",#REF!,IF('Instrumento (2)'!I56="X",#REF!,0))))) -> #REF!
A57: Salud y Nutrición | B57: 1 | C57: Verificar que los niñas, niños y adolescentes estén inscritos en el Sistema General de Seguridad Social en Salud | D57: 14 | H57: X | K57: =100/$D$87 -> 1.4285714 | L57: =IF(E57="X",#REF!,IF(F57="X",#REF!,IF('Instrumento (2)'!G57="X",#REF!,IF('Instrumento (2)'!H57="X",#REF!,IF('Instrumento (2)'!I57="X",#REF!,0))))) -> #REF!
A58: Salud y Nutrición | B58: 2 | C58: Establece espacios para socializar la Minuta Patrón, con las niñas, niños y adolescentes, con el talento humano y los padres de familia y cuidadores. | D58: 15 | H58: X | K58: =100/$D$87 -> 1.4285714 | L58: =IF(E58="X",#REF!,IF(F58="X",#REF!,IF('Instrumento (2)'!G58="X",#REF!,IF('Instrumento (2)'!H58="X",#REF!,IF('Instrumento (2)'!I58="X",#REF!,0))))) -> #REF!
A59: Salud y Nutrición | B59: 3 | C59: Garantiza espacios que promuevan hábitos saludables alrededor de la alimentación. (Quincenalmente) | D59: 16 | H59: X | K59: =100/$D$87 -> 1.4285714 | L59: =IF(E59="X",#REF!,IF(F59="X",#REF!,IF('Instrumento (2)'!G59="X",#REF!,IF('Instrumento (2)'!H59="X",#REF!,IF('Instrumento (2)'!I59="X",#REF!,0))))) -> #REF!
A60: Salud y Nutrición | B60: 4 | C60: Incorpora un porcentaje de compras locales de la región (productores locales) para apoyar el comercio local de cada departamento y municipio. | D60: 17 | I60: X | K60: =100/$D$87 -> 1.4285714 | L60: =IF(E60="X",#REF!,IF(F60="X",#REF!,IF('Instrumento (2)'!G60="X",#REF!,IF('Instrumento (2)'!H60="X",#REF!,IF('Instrumento (2)'!I60="X",#REF!,0))))) -> #REF!
A61: Salud y Nutrición | B61: 5 | C61: Ofrece una alimentación equilibrada, completa y suficiente todos los días en que las niñas, niños y adolescentes permanezcan en la residencia escolar. | D61: 18 | I61: X | K61: =100/$D$87 -> 1.4285714 | L61: =IF(E61="X",#REF!,IF(F61="X",#REF!,IF('Instrumento (2)'!G61="X",#REF!,IF('Instrumento (2)'!H61="X",#REF!,IF('Instrumento (2)'!I61="X",#REF!,0))))) -> #REF!
A62: Salud y Nutrición | B62: 6 | C62: Fomenta la cultura del movimiento por medio de la actividad física y el movimiento | D62: 19 | I62: X | K62: =100/$D$87 -> 1.4285714 | L62: =IF(E62="X",#REF!,IF(F62="X",#REF!,IF('Instrumento (2)'!G62="X",#REF!,IF('Instrumento (2)'!H62="X",#REF!,IF('Instrumento (2)'!I62="X",#REF!,0))))) -> #REF!
A63: Salud y Nutrición | B63: 7 | C63: Propicia pausas activas diariamente en las actividades curriculares | D63: 20 | E63: X | K63: =100/$D$87 -> 1.4285714 | L63: =IF(E63="X",#REF!,IF(F63="X",#REF!,IF('Instrumento (2)'!G63="X",#REF!,IF('Instrumento (2)'!H63="X",#REF!,IF('Instrumento (2)'!I63="X",#REF!,0))))) -> #REF!
A64: Salud y Nutrición | B64: 8 | C64: Articula una campaña de autocuidado entre las niñas, niños y adolescentes que promueva la cultura del movimiento como hábito | D64: 21 | E64: X | K64: =100/$D$87 -> 1.4285714 | L64: =IF(E64="X",#REF!,IF(F64="X",#REF!,IF('Instrumento (2)'!G64="X",#REF!,IF('Instrumento (2)'!H64="X",#REF!,IF('Instrumento (2)'!I64="X",#REF!,0))))) -> #REF!
A65: Salud y Nutrición | B65: 9 | C65: Propicia mínimo 2 visitas al año por parte de la autoridad sanitaria competente. | D65: 22 | E65: X | K65: =100/$D$87 -> 1.4285714 | L65: =IF(E65="X",#REF!,IF(F65="X",#REF!,IF('Instrumento (2)'!G65="X",#REF!,IF('Instrumento (2)'!H65="X",#REF!,IF('Instrumento (2)'!I65="X",#REF!,0))))) -> #REF!
A66: Salud y Nutrición | B66: 10 | C66: Garantiza el cumplimiento de las buenas prácticas de manufactura en todos los procesos de manipulación, preparación y conservación de los alimentos. | D66: 23 | E66: X | K66: =100/$D$87 -> 1.4285714 | L66: =IF(E66="X",#REF!,IF(F66="X",#REF!,IF('Instrumento (2)'!G66="X",#REF!,IF('Instrumento (2)'!H66="X",#REF!,IF('Instrumento (2)'!I66="X",#REF!,0))))) -> #REF!
A67: Salud y Nutrición | B67: 11 | C67: Garantiza la toma antropométrica y el seguimiento nutricional de las niñas, niños y adolescentes. (Tres veces al año) | D67: 24 | F67: X | K67: =100/$D$87 -> 1.4285714 | L67: =IF(E67="X",#REF!,IF(F67="X",#REF!,IF('Instrumento (2)'!G67="X",#REF!,IF('Instrumento (2)'!H67="X",#REF!,IF('Instrumento (2)'!I67="X",#REF!,0))))) -> #REF!
A68: Salud y Nutrición | B68: 12 | C68: Genera espacios con los padres de familia y cuidadores para sensibilizar e informar sobre el PAI | D68: 25 | F68: X | K68: =100/$D$87 -> 1.4285714 | L68: =IF(E68="X",#REF!,IF(F68="X",#REF!,IF('Instrumento (2)'!G68="X",#REF!,IF('Instrumento (2)'!H68="X",#REF!,IF('Instrumento (2)'!I68="X",#REF!,0))))) -> #REF!
A69: Salud y Nutrición | B69: 13 | C69: Dispone de espacios ecológicos para la disposición de residuos sólidos | D69: 26 | F69: X | K69: =100/$D$87 -> 1.4285714 | L69: =IF(E69="X",#REF!,IF(F69="X",#REF!,IF('Instrumento (2)'!G69="X",#REF!,IF('Instrumento (2)'!H69="X",#REF!,IF('Instrumento (2)'!I69="X",#REF!,0))))) -> #REF!
A70: Infraestructura y Ambientes protectores y seguros | B70: 1 | C70: La Residencia Escolar dispone de espacios en condiciones mínimas para su adecuado funcionamiento acorde al número de estudiantes residentes y sus cuidadores para los siguientes espacios: dormitorios para estudiantes, dormitorios para cuidadores, sala de estar, lavandería, servicios sanitarios y primeros auxilios. | D70: 56 | F70: X | K70: =100/$D$87 -> 1.4285714 | L70: =IF(E70="X",#REF!,IF(F70="X",#REF!,IF('Instrumento (2)'!G70="X",#REF!,IF('Instrumento (2)'!H70="X",#REF!,IF('Instrumento (2)'!I70="X",#REF!,0))))) -> #REF!
A71: Infraestructura y Ambientes protectores y seguros | B71: 2 | C71: La Residencia Escolar dispone de espacios en condiciones mínimas para su adecuado funcionamiento acorde al número de estudiantes residentes y sus cuidadores para los siguientes espacios complementarios de su operación: cocina, comedor, zona almacenamiento alimentos, biblioteca, zonas recreativas. | D71: 57 | F71: X | K71: =100/$D$87 -> 1.4285714 | L71: =IF(E71="X",#REF!,IF(F71="X",#REF!,IF('Instrumento (2)'!G71="X",#REF!,IF('Instrumento (2)'!H71="X",#REF!,IF('Instrumento (2)'!I71="X",#REF!,0))))) -> #REF!
A72: Infraestructura y Ambientes protectores y seguros | B72: 3 | C72: La Residencia Escolar dispone de espacios en condiciones mínimas para el uso del tiempo libre como: ludoteca, salas de lectura y artes, salas de juego, espacios productivos. | D72: 58 | F72: X | K72: =100/$D$87 -> 1.4285714 | L72: =IF(E72="X",#REF!,IF(F72="X",#REF!,IF('Instrumento (2)'!G72="X",#REF!,IF('Instrumento (2)'!H72="X",#REF!,IF('Instrumento (2)'!I72="X",#REF!,0))))) -> #REF!
A73: Infraestructura y Ambientes protectores y seguros | B73: 4 | C73: La Residencia Escolar conformó un comité de gestión de riesgos. | D73: 59 | F73: X | K73: =$K$72/4 -> 0.35714286 | L73: =IF(E73="X",#REF!,IF(F73="X",#REF!,IF('Instrumento (2)'!G73="X",#REF!,IF('Instrumento (2)'!H73="X",#REF!,IF('Instrumento (2)'!I73="X",#REF!,0))))) -> #REF!
A74: Infraestructura y Ambientes protectores y seguros | B74: 4.a. | C74: El comité de gestión de riesgos ha elaborado el Protocolo de gestión de riesgos de accidentes (identificación y reducción de riesgos de accidentes, medidas de prevención y acciones en caso de que ocurra el accidente) | G74: X | K74: =$K$72/4 -> 0.35714286 | L74: =IF(E74="X",#REF!,IF(F74="X",#REF!,IF('Instrumento (2)'!G74="X",#REF!,IF('Instrumento (2)'!H74="X",#REF!,IF('Instrumento (2)'!I74="X",#REF!,0))))) -> #REF!
A75: Infraestructura y Ambientes protectores y seguros | B75: 4.b. | C75: El comité de gestión de riesgos implementó y socializó el Protocolo gestión de riesgos de accidentes. | H75: X | K75: =$K$72/4 -> 0.35714286 | L75: =IF(E75="X",#REF!,IF(F75="X",#REF!,IF('Instrumento (2)'!G75="X",#REF!,IF('Instrumento (2)'!H75="X",#REF!,IF('Instrumento (2)'!I75="X",#REF!,0))))) -> #REF!
A76: Infraestructura y Ambientes protectores y seguros | B76: 4.c. | C76: El comité de gestión de riesgos realiza el seguimiento a la implementación del protocolo de gestión de riesgos de accidentes | H76: X | K76: =$K$72/4 -> 0.35714286 | L76: =IF(E76="X",#REF!,IF(F76="X",#REF!,IF('Instrumento (2)'!G76="X",#REF!,IF('Instrumento (2)'!H76="X",#REF!,IF('Instrumento (2)'!I76="X",#REF!,0))))) -> #REF!
A77: Infraestructura y Ambientes protectores y seguros | B77: 5 | C77: La Residencia escolar cuenta con el documento del plan escolar de gestión de riesgos de desastres que incluya: identificación de los riesgos (amenazas y vulnerabilidades); reducción de los riesgos (plan de prevención y mitigación); respuesta a las emergencias (conformación de la brigada, plan de evacuación, contra incendio, primeros auxilios, seguridad, planes de acción, planes de contingencia, un directorio de emergencias, señalización de emergencias, análisis de suministros y recursos) | D77: 60 | H77: X | K77: =100/$D$87 -> 1.4285714 | L77: =IF(E77="X",#REF!,IF(F77="X",#REF!,IF('Instrumento (2)'!G77="X",#REF!,IF('Instrumento (2)'!H77="X",#REF!,IF('Instrumento (2)'!I77="X",#REF!,0))))) -> #REF!
A78: Infraestructura y Ambientes protectores y seguros | B78: 6 | C78: La Residencia escolar (comité de gestión de riesgos) implementa y socializa el plan de gestión de riesgos de desastres a toda la institución y a la comunidad | D78: 61 | H78: X | K78: =100/$D$87 -> 1.4285714 | L78: =IF(E78="X",#REF!,IF(F78="X",#REF!,IF('Instrumento (2)'!G78="X",#REF!,IF('Instrumento (2)'!H78="X",#REF!,IF('Instrumento (2)'!I78="X",#REF!,0))))) -> #REF!
A79: Infraestructura y Ambientes protectores y seguros | B79: 7 | C79: La Residencia escolar tiene articulación con la instancia de gestión del riesgo de desastres municipal (consejos municipales de gestión del riesgo de desastres) | D79: 62 | H79: X | K79: =100/$D$87 -> 1.4285714 | L79: =IF(E79="X",#REF!,IF(F79="X",#REF!,IF('Instrumento (2)'!G79="X",#REF!,IF('Instrumento (2)'!H79="X",#REF!,IF('Instrumento (2)'!I79="X",#REF!,0))))) -> #REF!
A80: Infraestructura y Ambientes protectores y seguros | B80: 8 | C80: El comité de gestión de riesgos realiza el seguimiento a la implementación del plan escolar de gestión de riesgos de desastres. | D80: 63 | H80: X | K80: =100/$D$87 -> 1.4285714 | L80: =IF(E80="X",#REF!,IF(F80="X",#REF!,IF('Instrumento (2)'!G80="X",#REF!,IF('Instrumento (2)'!H80="X",#REF!,IF('Instrumento (2)'!I80="X",#REF!,0))))) -> #REF!
A81: Infraestructura y Ambientes protectores y seguros | B81: 9 | C81: La Residencia escolar cuenta con los documentos actualizados que regularicen la tenencia y propiedad del predio donde se encuentra la institución educativa. | D81: 64 | H81: X | J81: jhsfasjdfkljaslñdfjasl ñdfjñasl flñasdjfl ñasdjfñlasjdfñlasjdflñ asjdfjaskdñlfjaslñdfj aslñdfja sadf | K81: =100/$D$87 -> 1.4285714 | L81: =IF(E81="X",#REF!,IF(F81="X",#REF!,IF('Instrumento (2)'!G81="X",#REF!,IF('Instrumento (2)'!H81="X",#REF!,IF('Instrumento (2)'!I81="X",#REF!,0))))) -> #REF!
A82: Infraestructura y Ambientes protectores y seguros | B82: 10 | C82: La Residencia escolar cuenta con los servicios de agua potable, energía eléctrica, energías alternativas, manejo de aguas residuales y sistemas de recolección de residuos sólidos. | D82: 65 | I82: X | K82: =100/$D$87 -> 1.4285714 | L82: =IF(E82="X",#REF!,IF(F82="X",#REF!,IF('Instrumento (2)'!G82="X",#REF!,IF('Instrumento (2)'!H82="X",#REF!,IF('Instrumento (2)'!I82="X",#REF!,0))))) -> #REF!
A83: Infraestructura y Ambientes protectores y seguros | B83: 11 | C83: La Residencia escolar cuenta con los espacios educativos, habitacionales y de recreación dotados del mobiliario requerido para el uso y goce adecuado. | D83: 66 | I83: X | K83: =100/$D$87 -> 1.4285714 | L83: =IF(E83="X",#REF!,IF(F83="X",#REF!,IF('Instrumento (2)'!G83="X",#REF!,IF('Instrumento (2)'!H83="X",#REF!,IF('Instrumento (2)'!I83="X",#REF!,0))))) -> #REF!
A84: Infraestructura y Ambientes protectores y seguros | B84: 12 | C84: La Residencia escolar cuenta con el menaje y materiales indispensables para realizar las diferentes labores dentro de la residencia (administrativa, alimentación y servicios generales). | D84: 67 | I84: X | K84: =100/$D$87 -> 1.4285714 | L84: =IF(E84="X",#REF!,IF(F84="X",#REF!,IF('Instrumento (2)'!G84="X",#REF!,IF('Instrumento (2)'!H84="X",#REF!,IF('Instrumento (2)'!I84="X",#REF!,0))))) -> #REF!
A85: Infraestructura y Ambientes protectores y seguros | B85: 13 | C85: La Residencia escolar cuenta con diferentes puntos ecológicos para arrojar basura dentro de la institución educativa adoptando la cultura del reciclaje. | D85: 68 | I85: X | K85: =100/$D$87 -> 1.4285714 | L85: =IF(E85="X",#REF!,IF(F85="X",#REF!,IF('Instrumento (2)'!G85="X",#REF!,IF('Instrumento (2)'!H85="X",#REF!,IF('Instrumento (2)'!I85="X",#REF!,0))))) -> #REF!
A86: Infraestructura y Ambientes protectores y seguros | B86: 14 | C86: La Residencia escolar cuenta con espacios adaptados e implementa condiciones para el tránsito de personas con discapacidad y movilidad reducida. | D86: 69 | I86: X | K86: =100/$D$87 -> 1.4285714 | L86: =IF(E86="X",#REF!,IF(F86="X",#REF!,IF('Instrumento (2)'!G86="X",#REF!,IF('Instrumento (2)'!H86="X",#REF!,IF('Instrumento (2)'!I86="X",#REF!,0))))) -> #REF!
A87: Infraestructura y Ambientes protectores y seguros | B87: 15 | C87: La Residencia escolar cuenta con procesos de administración y mantenimiento de la planta física e implementa campañas con la comunidad. | D87: 70 | I87: X | K87: =100/$D$87 -> 1.4285714 | L87: =IF(E87="X",#REF!,IF(F87="X",#REF!,IF('Instrumento (2)'!G87="X",#REF!,IF('Instrumento (2)'!H87="X",#REF!,IF('Instrumento (2)'!I87="X",#REF!,0))))) -> #REF!
K89: =SUM(K29:K87) -> 80 | L89: =SUM(L29:L87) -> #REF!

Sheet Instrumento
B1: MATRIZ DE AUTO-EVALUACIÓN
B2: COMPONENTES Y CRITERIOS DE CALIDAD
B3: RESIDENCIAS ESCOLARES
A15: Componente | B15: No. Criterio | C15: Criterio de calidad - instrumento | E15: Valoración
A16: Administrativo y Gestión | B16: 1 | C16: La residencia escolar cuenta con Directivo Rural. | D16: 2 | E16: =VLOOKUP(B16,Administrativo!$A$1:$H$50,7,0) -> 0
A17: Administrativo y Gestión | B17: 2 | C17: La residencia escolar cuenta con Coordinador académico, de disciplina o de estudiantes residentes. | D17: 2 | E17: =VLOOKUP(B17,Administrativo!$A$1:$H$50,7,0) -> 0
A18: Administrativo y Gestión | B18: 3 | C18: La residencia escolar cuenta con docentes en cada área del conocimiento, en los diferentes niveles educativos. | D18: 2 | E18: =VLOOKUP(B18,Administrativo!$A$1:$H$50,7,0) -> 0
A19: Administrativo y Gestión | B19: 4 | C19: La residencia escolar cuenta con Psico Orientador o personal para apoyo a orientación de estudiantes residentes. | D19: 2 | E19: =VLOOKUP(B19,Administrativo!$A$1:$H$50,7,0) -> 0
A20: Administrativo y Gestión | B20: 5 | C20: La residencia escolar cuenta con personal de manipulación de alimentos idóneo para el cumplimiento de sus funciones (El personal debe contar con certificado del curso de manipulación de alimentos vigente) | D20: 2 | E20: =VLOOKUP(B20,Administrativo!$A$1:$H$50,7,0) -> 0
A21: Administrativo y Gestión | B21: 6 | C21: Durante el proceso de matrícula de las niñas, niños y adolescentes, se verifica por parte del personal directivo y administrativo de la residencia escolar, que se cumpla con tener ocho (8) años cumplidos al momento de ingresar a la residencia escolar y no superar la mayoría de edad. | D21: 2 | E21: =VLOOKUP(B21,Administrativo!$A$1:$H$50,7,0) -> 0
A22: Administrativo y Gestión | B22: 7 | C22: Durante el proceso de matrícula de las niñas, niños y adolescentes, se verifica por parte del personal directivo y administrativo de la residencia escolar, que se cumpla con Residir en zonas rurales de movilidad compleja. | D22: 2 | E22: =VLOOKUP(B22,Administrativo!$A$1:$H$50,7,0) -> 0
A23: Administrativo y Gestión | B23: 8 | C23: Durante el proceso de matrícula de las niñas, niños y adolescentes, se verifica por parte del personal directivo y administrativo de la residencia escolar, que se cumpla con No contar con otra oferta educativa cercana a su residencia. | D23: 2 | E23: =VLOOKUP(B23,Administrativo!$A$1:$H$50,7,0) -> 0
A24: Administrativo y Gestión | B24: 9 | C24: Durante el proceso de matrícula de las niñas, niños y adolescentes, se verifica por parte del personal directivo y administrativo de la residencia escolar, que se cumpla con que Las niñas, niños y adolescentes no son beneficiarios de otras estrategias de bienestar y permanencia como: transporte escolar, modelos de educación flexible). | D24: 2 | E24: =VLOOKUP(B24,Administrativo!$A$1:$H$50,7,0) -> 0
A25: Administrativo y Gestión | B25: 10 | C25: En la residencia escolar se cuenta con instrumentos como: (formatos, fichas, caracterizaciones), para el respectivo seguimiento y control a los estudiantes residentes durante su permanencia en el establecimiento educativo y al momento de salir a visitas familiares o por motivos de salud. | D25: 2 | E25: =VLOOKUP(B25,Administrativo!$A$1:$H$50,7,0) -> 0
A26: Administrativo y Gestión | B26: 11 | C26: Cuando las y los estudiantes salen de la residencia escolar de forma definitiva, se realiza una valoración de salida que incluye el análisis del diario del estudiante residente | D26: 2 | E26: =VLOOKUP(B26,Administrativo!$A$1:$H$50,7,0) -> 0
A27: Administrativo y Gestión | B27: 12 | C27: Cuando las y los estudiantes salen de la residencia escolar de forma definitiva, se realiza una valoración de salida que incluye los desempeños en cada una de las áreas del conocimiento. | D27: 2 | E27: =VLOOKUP(B27,Administrativo!$A$1:$H$50,7,0) -> 0
... A42: Administrativo y Gestión | B42: 27 | C42: El personal directivo y administrativo de la residencia escolar, realiza un proceso de seguimiento y auditoría al cargue de matrícula de estudiantes residentes en SIMAT, cumpliendo con principios de calidad, oportunidad y veracidad de la información, atendiendo a orientaciones de las Secretarías de Educación y el MEN. | D42: 5 | E42: =VLOOKUP(B42,Administrativo!$A$1:$H$50,7,0) -> #N/A
A43: Familia, Comunidad y Redes | B43: 1 | C43: Dispone de la ficha de caracterización sociofamiliar diligenciada de cada estudiante residente. | D43: 2 | E43: =VLOOKUP(B43,Familia!$A$1:$H$61,7,0) -> 0
A44: Familia, Comunidad y Redes | B44: 2 | C44: Activa las rutas de atención ante cualquier situación de vulneración de derechos. | D44: 2 | E44: =VLOOKUP(B44,Familia!$A$1:$H$61,7,0) -> 0
A45: Familia, Comunidad y Redes | B45: 3 | C45: Cuenta con un cronograma donde se visibiliza acciones de fortalecimiento del vínculo Familia – Escuela. | D45: 2 | E45: =VLOOKUP(B45,Familia!$A$1:$H$61,7,0) -> 0
A46: Familia, Comunidad y Redes | B46: 4 | C46: Realiza encuentros periódicos entre la familia y/o responsables, y las niñas, niños y adolescentes. Como una estrategia de fortalecimiento del vínculo afectivo. | D46: 2 | E46: =VLOOKUP(B46,Familia!$A$1:$H$61,7,0) -> 0
A47: Familia, Comunidad y Redes | B47: 5 | C47: Propicia encuentros y/o actividades entre las y los estudiantes residentes y la comunidad. | D47: 2 | E47: =VLOOKUP(B47,Familia!$A$1:$H$61,7,0) -> 0
A48: Familia, Comunidad y Redes | B48: 6 | C48: Fomenta la comunicación (llamadas – video llamadas – mensajes de audio, cartas) permanente entre la familia y las y los estudiantes residentes. | D48: 2 | E48: =VLOOKUP(B48,Familia!$A$1:$H$61,7,0) -> 0
A49: Familia, Comunidad y Redes | B49: 7 | C49: Realiza escuela de padres. (4 veces al año) | D49: 2 | E49: =VLOOKUP(B49,Familia!$A$1:$H$61,7,0) -> 0
A50: Familia, Comunidad y Redes | B50: 8 | C50: Realiza actividades recreo- deportivas vinculando a estudiantes, madres y padres de familia y comunidad. (3 veces al año) | D50: 2 | E50: =VLOOKUP(B50,Familia!$A$1:$H$61,7,0) -> 0
A51: Familia, Comunidad y Redes | B51: 9 | C51: Promueve acciones para visibilizar las prácticas culturales y preservar la cultura de la región. | D51: 2 | E51: =VLOOKUP(B51,Familia!$A$1:$H$61,7,0) -> 0
A52: Familia, Comunidad y Redes | B52: 10 | C52: Cuenta con un plan de acompañamiento psicosocial para cada estudiante residente | D52: 3 | E52: =VLOOKUP(B52,Familia!$A$1:$H$61,7,0) -> 0
A53: Familia, Comunidad y Redes | B53: 11 | C53: Identifica y gestiona situaciones de vulneración de derechos de las y los estudiantes residentes. | D53: 3 | E53: =VLOOKUP(B53,Familia!$A$1:$H$61,7,0) -> 0
A54: Familia, Comunidad y Redes | B54: 12 | C54: Cuenta con un mapeo de actores, ruta de atención integral del Municipio y Plan de Atención Integral. | D54: 3 | E54: =VLOOKUP(B54,Familia!$A$1:$H$61,7,0) -> 0
A55: Familia, Comunidad y Redes | B55: 13 | C55: Dispone de evidencias donde se visibilizan acciones de fortalecimiento del vínculo Familia – Escuela. | D55: 3 | E55: =VLOOKUP(B55,Familia!$A$1:$H$61,7,0) -> 0
A56: Infraestructura y Ambientes protectores y seguros | B56: 1 | C56: La Residencia Escolar conformó un comité de gestión de riesgos. | D56: 2 | E56: =VLOOKUP(B56,Infraestructura!$A$1:$H$60,7,0) -> 0
A57: Infraestructura y Ambientes protectores y seguros | B57: 2 | C57: La Residencia escolar cuenta con los documentos actualizados que garanticen la tenencia y propiedad del predio donde se encuentra la institución educativa. | D57: 2 | E57: =VLOOKUP(B57,Infraestructura!$A$1:$H$60,7,0) -> 0
A58: Infraestructura y Ambientes protectores y seguros | B58: 3 | C58: La Residencia escolar cuenta con el servicio de agua potable. | D58: 2 | E58: =VLOOKUP(B58,Infraestructura!$A$1:$H$60,7,0) -> 0
A59: Infraestructura y Ambientes protectores y seguros | B59: 4 | C59: La Residencia escolar cuenta con el servicio de energía eléctrica. | D59: 2 | E59: =VLOOKUP(B59,Infraestructura!$A$1:$H$60,7,0) -> 0
A60: Infraestructura y Ambientes protectores y seguros | B60: 5 | C60: La Residencia escolar cuenta con el servicio de energías alternativas. | D60: 2 | E60: =VLOOKUP(B60,Infraestructura!$A$1:$H$60,7,0) -> 0
A61: Infraestructura y Ambientes protectores y seguros | B61: 6 | C61: La Residencia escolar cuenta con el servicio de manejo de aguas residuales. | D61: 2 | E61: =VLOOKUP(B61,Infraestructura!$A$1:$H$60,7,0) -> 0
A62: Infraestructura y Ambientes protectores y seguros | B62: 7 | C62: La Residencia escolar cuenta con sistemas de recolección de residuos sólidos. | D62: 2 | E62: =VLOOKUP(B62,Infraestructura!$A$1:$H$60,7,0) -> 0
A63: Infraestructura y Ambientes protectores y seguros | B63: 8 | C63: La Residencia escolar cuenta con los espacios educativos, habitacionales y de recreación dotados del mobiliario requerido para el uso y goce adecuado. | D63: 2 | E63: =VLOOKUP(B63,Infraestructura!$A$1:$H$60,7,0) -> 0
A64: Infraestructura y Ambientes protectores y seguros | B64: 9 | C64: La Residencia escolar cuenta con el menaje y materiales indispensables para realizar las diferentes labores dentro de la residencia (administrativa, alimentación y servicios generales). | D64: 2 | E64: =VLOOKUP(B64,Infraestructura!$A$1:$H$60,7,0) -> 0
A65: Infraestructura y Ambientes protectores y seguros | B65: 10 | C65: La Residencia escolar cuenta con diferentes puntos ecológicos para arrojar basura dentro de la institución educativa adoptando la cultura del reciclaje. | D65: 2 | E65: =VLOOKUP(B65,Infraestructura!$A$1:$H$60,7,0) -> 0
A66: Infraestructura y Ambientes protectores y seguros | B66: 11 | C66: La Residencia escolar cuenta con espacios adaptados e implementa condiciones para el tránsito de personas con discapacidad y movilidad reducida. | D66: 2 | E66: =VLOOKUP(B66,Infraestructura!$A$1:$H$60,7,0) -> 0
A67: Infraestructura y Ambientes protectores y seguros | B67: 12 | C67: La Residencia escolar cuenta con el documento del plan escolar de gestión de riesgos de desastres que incluya: identificación de los riesgos (amenazas y vulnerabilidades); reducción de los riesgos (plan de prevención y mitigación); respuesta a las emergencias (conformación de la brigada, plan de evacuación, contra incendio, primeros auxilios, seguridad, planes de acción, planes de contingencia, un directorio de emergencias, señalización de emergencias, análisis de suministros y recursos) | D67: 3 | E67: =VLOOKUP(B67,Infraestructura!$A$1:$H$60,7,0) -> 0
... A71: Infraestructura y Ambientes protectores y seguros | B71: 16 | C71: La Residencia escolar cuenta con procesos de administración y mantenimiento de la planta física e implementa campañas con la comunidad. | D71: 3 | E71: =VLOOKUP(B71,Infraestructura!$A$1:$H$60,7,0) -> 0
A72: Infraestructura y Ambientes protectores y seguros | B72: 1.a | C72: El comité de gestión de riesgos ha elaborado el Protocolo de gestión de riesgos de accidentes (identificación y reducción de riesgos de accidentes, medidas de prevención y acciones en caso de que ocurra el accidente) | D72: 3 | E72: =VLOOKUP(B72,Infraestructura!$A$1:$H$60,7,0) -> 0
A73: Infraestructura y Ambientes protectores y seguros | B73: 1.b | C73: El comité de gestión de riesgos implementó y socializó el Protocolo gestión de riesgos de accidentes. | D73: 3 | E73: =VLOOKUP(B73,Infraestructura!$A$1:$H$60,7,0) -> 0
A74: Infraestructura y Ambientes protectores y seguros | B74: 1.c | C74: El comité de gestión de riesgos realiza el seguimiento a la implementación del protocolo de gestión de riesgos de accidentes | D74: 3 | E74: =VLOOKUP(B74,Infraestructura!$A$1:$H$60,7,0) -> 0
A75: Infraestructura y Ambientes protectores y seguros | B75: 17 | C75: La Residencia Escolar dispone de espacios en condiciones mínimas para su adecuado funcionamiento acorde al número de estudiantes residentes y sus cuidadores para los siguientes espacios: dormitorios para estudiantes, dormitorios para cuidadores, sala de estar, lavandería, servicios sanitarios y primeros auxilios. | D75: 5 | E75: =VLOOKUP(B75,Infraestructura!$A$1:$H$60,7,0) -> 0
A76: Infraestructura y Ambientes protectores y seguros | B76: 18 | C76: La Residencia Escolar dispone de espacios en condiciones mínimas para su adecuado funcionamiento acorde al número de estudiantes residentes y sus cuidadores para los siguientes espacios complementarios de su operación: cocina, comedor, zona almacenamiento alimentos, biblioteca, zonas recreativas. | D76: 5 | E76: =VLOOKUP(B76,Infraestructura!$A$1:$H$60,7,0) -> 0
A77: Infraestructura y Ambientes protectores y seguros | B77: 19 | C77: La Residencia Escolar dispone de espacios en condiciones mínimas para el uso del tiempo libre como: ludoteca, salas de lectura y artes, salas de juego, espacios productivos. | D77: 5 | E77: =VLOOKUP(B77,Infraestructura!$A$1:$H$60,7,0) -> 0
A78: Pedagógico y Vida Cotidiana | B78: 1 | C78: Hay evidencia de reuniones con docentes del EE para informarse y hacer seguimiento al desempeño académico de las niñas, los niños y las y los adolescentes residentes. | D78: 2 | E78: =VLOOKUP(B78,Pedagogico!$A$1:$H$61,7,0) -> 0
A79: Pedagógico y Vida Cotidiana | B79: 2 | C79: Hay evidencia de reuniones con padres de familia, acudientes y / o cuidadores para informarlos sobre el desempeño académico de las niñas, los niños y las y los adolescentes residentes y su comportamiento en la RE. | D79: 2 | E79: =VLOOKUP(B79,Pedagogico!$A$1:$H$61,7,0) -> 0
A80: Pedagógico y Vida Cotidiana | B80: 3 | C80: Se planean y desarrollan espacios para las celebraciones de cumpleaños y reconocimientos de logros de NNA. | D80: 2 | E80: =VLOOKUP(B80,Pedagogico!$A$1:$H$61,7,0) -> 0
A81: Pedagógico y Vida Cotidiana | B81: 4 | C81: Se planean y desarrollan espacios de capacitación y reflexión para fortalecer estrategias de autodeterminación, autonomía y toma de decisiones. | D81: 2 | E81: =VLOOKUP(B81,Pedagogico!$A$1:$H$61,7,0) -> 0
A82: Pedagógico y Vida Cotidiana | B82: 5 | C82: Se planean y desarrollan actividades para fortalecer hábitos de lectura y escritura de NNA. | D82: 2 | E82: =VLOOKUP(B82,Pedagogico!$A$1:$H$61,7,0) -> 0
A83: Pedagógico y Vida Cotidiana | B83: 6 | C83: Se planean y desarrollan espacios de análisis de interacción con medios masivos (televisión, internet, redes sociales). | D83: 2 | E83: =VLOOKUP(B83,Pedagogico!$A$1:$H$61,7,0) -> 0
A84: Pedagógico y Vida Cotidiana | B84: 7 | C84: Se desarrollan espacios de afianzamiento de la identidad (infancia, pubertad, adolescencia) acordes con el ciclo vital. | D84: 2 | E84: =VLOOKUP(B84,Pedagogico!$A$1:$H$61,7,0) -> 0
A85: Pedagógico y Vida Cotidiana | B85: 8 | C85: Se planean y desarrollan espacios de fortalecimiento psicosocial con perspectiva de género. | D85: 2 | E85: =VLOOKUP(B85,Pedagogico!$A$1:$H$61,7,0) -> 0
A86: Pedagógico y Vida Cotidiana | B86: 9 | C86: Se crean espacios para la solución mediada y pacífica de conflictos o contravenciones al manual de convivencia de la RE. | D86: 2 | E86: =VLOOKUP(B86,Pedagogico!$A$1:$H$61,7,0) -> 0
A87: Pedagógico y Vida Cotidiana | B87: 10 | C87: Se planean, plantean y desarrollan proyectos productivos acordes con las características del contexto. | D87: 2 | E87: =VLOOKUP(B87,Pedagogico!$A$1:$H$61,7,0) -> 0
A88: Pedagógico y Vida Cotidiana | B88: 11 | C88: Se crean los Planes Individuales de Ajustes Razonables para las niñas, los niños y las y los adolescentes con discapacidad. | D88: 2 | E88: =VLOOKUP(B88,Pedagogico!$A$1:$H$61,7,0) -> 0
A89: Pedagógico y Vida Cotidiana | B89: 12 | C89: Se definen los momentos claros para las rutinas diarias; se plantean sin sobrepasar los tiempos del descanso; están visibles, y las niñas, los niños y las y los adolescentes saben en qué consisten y en qué momentos concretos desarrollarlos. | D89: 3 | E89: =VLOOKUP(B89,Pedagogico!$A$1:$H$61,7,0) -> 0
... A92: Pedagógico y Vida Cotidiana | B92: 15 | C92: Se crean planes de mejoramiento individualizados, tanto para las dinámicas del habitar en la RE, como para el desempeño académico de NNA residentes. | D92: 3 | E92: =VLOOKUP(B92,Pedagogico!$A$1:$H$61,7,0) -> 0
A93: Salud y Nutrición | B93: 1 | C93: Verificar que los niñas, niños y adolescentes estén inscritos en el Sistema General de Seguridad Social en Salud | D93: 2 | E93: =VLOOKUP(B93,Salud!$A$1:$H$60,7,0) -> 0
A94: Salud y Nutrición | B94: 2 | C94: Establece espacios para socializar la Minuta Patrón, con las niñas, niños y adolescentes, con el talento humano y los padres de familia y cuidadores. | D94: 2 | E94: =VLOOKUP(B94,Salud!$A$1:$H$60,7,0) -> 0
A95: Salud y Nutrición | B95: 3 | C95: Propicia pausas activas diariamente en las actividades curriculares | D95: 2 | E95: =VLOOKUP(B95,Salud!$A$1:$H$60,7,0) -> 0
A96: Salud y Nutrición | B96: 4 | C96: Propicia mínimo 2 visitas al año por parte de la autoridad sanitaria competente. | D96: 2 | E96: =VLOOKUP(B96,Salud!$A$1:$H$60,7,0) -> 0
A97: Salud y Nutrición | B97: 5 | C97: Genera espacios con los padres de familia y cuidadores para sensibilizar e informar sobre el PAI | D97: 2 | E97: =VLOOKUP(B97,Salud!$A$1:$H$60,7,0) -> 0
A98: Salud y Nutrición | B98: 6 | C98: Dispone de espacios ecológicos para la disposición de residuos sólidos | D98: 2 | E98: =VLOOKUP(B98,Salud!$A$1:$H$60,7,0) -> 0
A99: Salud y Nutrición | B99: 7 | C99: Garantiza espacios que promuevan hábitos saludables alrededor de la alimentación. (Quincenalmente) | D99: 3 | E99: =VLOOKUP(B99,Salud!$A$1:$H$60,7,0) -> 0
A100: Salud y Nutrición | B100: 8 | C100: Incorpora un porcentaje de compras locales de la región (productores locales) para apoyar el comercio local de cada departamento y municipio. | D100: 3 | E100: =VLOOKUP(B100,Salud!$A$1:$H$60,7,0) -> 0
A101: Salud y Nutrición | B101: 9 | C101: Ofrece una alimentación equilibrada, completa y suficiente todos los días en que las niñas, niños y adolescentes permanezcan en la residencia escolar. | D101: 3 | E101: =VLOOKUP(B101,Salud!$A$1:$H$60,7,0) -> 0
A102: Salud y Nutrición | B102: 10 | C102: Fomenta la cultura del movimiento por medio de la actividad física y el movimiento | D102: 3 | E102: =VLOOKUP(B102,Salud!$A$1:$H$60,7,0) -> 0
A103: Salud y Nutrición | B103: 11 | C103: Articula una campaña de autocuidado entre las niñas, niños y adolescentes que promueva la cultura del movimiento como hábito | D103: 3 | E103: =VLOOKUP(B103,Salud!$A$1:$H$60,7,0) -> 0
A104: Salud y Nutrición | B104: 12 | C104: Garantiza el cumplimiento de las buenas prácticas de manufactura en todos los procesos de manipulación, preparación y conservación de los alimentos. | D104: 4 | E104: =VLOOKUP(B104,Salud!$A$1:$H$60,7,0) -> 0
A105: Salud y Nutrición | B105: 13 | C105: Garantiza la toma antropométrica y el seguimiento nutricional de las niñas, niños y adolescentes. (Tres veces al año) | D105: 4 | E105: =VLOOKUP(B105,Salud!$A$1:$H$60,7,0) -> 0

Sheet General (2)
D1: Componente | E1: Total
D2: Administrativo y Gestión | E2: =Admin -> 0
D3: Familia, Comunidad y Redes | E3: =Flia -> 0
D4: Infraestructura y Ambientes protectores y seguros | E4: =Infra -> 0
D5: Pedagógico y Vida Cotidiana | E5: =peda -> 0
D6: Salud y Nutrición | E6: =salud -> 0
D7: Promedio | E7: =SUBTOTAL(101,Tabla13[Total]) -> 0
B23: Componente | C23: No. Criterio | D23: Criterio de calidad - instrumento | E23: Valoración
A24: 2 | B24: Administrativo y Gestión | C24: 1 | D24: La residencia escolar cuenta con Directivo Rural. | E24: =VLOOKUP(C24,'Administrativo(1)'!$A$1:$H$58,7,0) -> 0
A25: 2 | B25: Administrativo y Gestión | C25: 2 | D25: La residencia escolar cuenta con Coordinador académico, de disciplina o de estudiantes residentes. | E25: =VLOOKUP(C25,Administrativo!$A$1:$H$50,7,0) -> 0
A26: 2 | B26: Administrativo y Gestión | C26: 3 | D26: La residencia escolar cuenta con docentes en cada área del conocimiento, en los diferentes niveles educativos. | E26: =VLOOKUP(C26,Administrativo!$A$1:$H$50,7,0) -> 0
A27: 2 | B27: Administrativo y Gestión | C27: 4 | D27: La residencia escolar cuenta con Psico Orientador o personal para apoyo a orientación de estudiantes residentes. | E27: =VLOOKUP(C27,Administrativo!$A$1:$H$50,7,0) -> 0
A28: 2 | B28: Administrativo y Gestión | C28: 5 | D28: La residencia escolar cuenta con personal de manipulación de alimentos idóneo para el cumplimiento de sus funciones (El personal debe contar con certificado del curso de manipulación de alimentos vigente) | E28: =VLOOKUP(C28,Administrativo!$A$1:$H$50,7,0) -> 0
A29: 2 | B29: Administrativo y Gestión | C29: 6 | D29: Durante el proceso de matrícula de las niñas, niños y adolescentes, se verifica por parte del personal directivo y administrativo de la residencia escolar, que se cumpla con tener ocho (8) años cumplidos al momento de ingresar a la residencia escolar y no superar la mayoría de edad. | E29: =VLOOKUP(C29,Administrativo!$A$1:$H$50,7,0) -> 0
A30: 2 | B30: Administrativo y Gestión | C30: 7 | D30: Durante el proceso de matrícula de las niñas, niños y adolescentes, se verifica por parte del personal directivo y administrativo de la residencia escolar, que se cumpla con Residir en zonas rurales de movilidad compleja. | E30: =VLOOKUP(C30,Administrativo!$A$1:$H$50,7,0) -> 0
A31: 2 | B31: Administrativo y Gestión | C31: 8 | D31: Durante el proceso de matrícula de las niñas, niños y adolescentes, se verifica por parte del personal directivo y administrativo de la residencia escolar, que se cumpla con No contar con otra oferta educativa cercana a su residencia. | E31: =VLOOKUP(C31,Administrativo!$A$1:$H$50,7,0) -> 0
A32: 2 | B32: Administrativo y Gestión | C32: 9 | D32: Durante el proceso de matrícula de las niñas, niños y adolescentes, se verifica por parte del personal directivo y administrativo de la residencia escolar, que se cumpla con que Las niñas, niños y adolescentes no son beneficiarios de otras estrategias de bienestar y permanencia como: transporte escolar, modelos de educación flexible). | E32: =VLOOKUP(C32,Administrativo!$A$1:$H$50,7,0) -> 0
A33: 2 | B33: Administrativo y Gestión | C33: 10 | D33: En la residencia escolar se cuenta con instrumentos como: (formatos, fichas, caracterizaciones), para el respectivo seguimiento y control a los estudiantes residentes durante su permanencia en el establecimiento educativo y al momento de salir a visitas familiares o por motivos de salud. | E33: =VLOOKUP(C33,Administrativo!$A$1:$H$50,7,0) -> 0
A34: 2 | B34: Administrativo y Gestión | C34: 11 | D34: Cuando las y los estudiantes salen de la residencia escolar de forma definitiva, se realiza una valoración de salida que incluye el análisis del diario del estudiante residente | E34: =VLOOKUP(C34,Administrativo!$A$1:$H$50,7,0) -> 0
A35: 2 | B35: Administrativo y Gestión | C35: 12 | D35: Cuando las y los estudiantes salen de la residencia escolar de forma definitiva, se realiza una valoración de salida que incluye los desempeños en cada una de las áreas del conocimiento. | E35: =VLOOKUP(C35,Administrativo!$A$1:$H$50,7,0) -> 0
A36: 2 | B36: Administrativo y Gestión | C36: 13 | D36: Cuando las y los estudiantes salen de la residencia escolar de forma definitiva, se realiza una valoración de salida que incluye los aspectos de seguimiento a salidas de la residencia escolar. | E36: =VLOOKUP(C36,Administrativo!$A$1:$H$50,7,0) -> 0
... A50: 5 | B50: Administrativo y Gestión | C50: 27 | D50: El personal directivo y administrativo de la residencia escolar, realiza un proceso de seguimiento y auditoría al cargue de matrícula de estudiantes residentes en SIMAT, cumpliendo con principios de calidad, oportunidad y veracidad de la información, atendiendo a orientaciones de las Secretarías de Educación y el MEN. | E50: =VLOOKUP(C50,Administrativo!$A$1:$H$50,7,0) -> #N/A
A51: 2 | B51: Administrativo y Gestión | C51: 1.o | D51: =VLOOKUP(C51,Administrativo!$A$1:$H$50,2,0) -> 0 | E51: =VLOOKUP(C51,Administrativo!$A$1:$H$50,7,0) -> 0
A52: 2 | B52: Administrativo y Gestión | C52: 2.o | D52: =VLOOKUP(C52,Administrativo!$A$1:$H$50,2,0) -> 0 | E52: =VLOOKUP(C52,Administrativo!$A$1:$H$50,7,0) -> 0
A53: 2 | B53: Administrativo y Gestión | C53: 3.o | D53: =VLOOKUP(C53,Administrativo!$A$1:$H$50,2,0) -> 0 | E53: =VLOOKUP(C53,Administrativo!$A$1:$H$50,7,0) -> 0
A54: 2 | B54: Administrativo y Gestión | C54: 4.o | D54: =VLOOKUP(C54,Administrativo!$A$1:$H$50,2,0) -> 0 | E54: =VLOOKUP(C54,Administrativo!$A$1:$H$50,7,0) -> 0
A55: 2 | B55: Administrativo y Gestión | C55: 5.o | D55: =VLOOKUP(C55,Administrativo!$A$1:$H$50,2,0) -> 0 | E55: =VLOOKUP(C55,Administrativo!$A$1:$H$50,7,0) -> 0
A56: 2 | B56: Administrativo y Gestión | C56: 6.o | D56: =VLOOKUP(C56,Administrativo!$A$1:$H$50,2,0) -> 0 | E56: =VLOOKUP(C56,Administrativo!$A$1:$H$50,7,0) -> 0
A57: 2 | B57: Administrativo y Gestión | C57: 7.o | D57: =VLOOKUP(C57,Administrativo!$A$1:$H$50,2,0) -> 0 | E57: =VLOOKUP(C57,Administrativo!$A$1:$H$50,7,0) -> 0
A58: 2 | B58: Administrativo y Gestión | C58: 8.o | D58: =VLOOKUP(C58,Administrativo!$A$1:$H$50,2,0) -> 0 | E58: =VLOOKUP(C58,Administrativo!$A$1:$H$50,7,0) -> 0
A59: 2 | B59: Administrativo y Gestión | C59: 9.o | D59: =VLOOKUP(C59,Administrativo!$A$1:$H$50,2,0) -> 0 | E59: =VLOOKUP(C59,Administrativo!$A$1:$H$50,7,0) -> 0
A60: 2 | B60: Familia, Comunidad y Redes | C60: 1 | D60: Dispone de la ficha de caracterización sociofamiliar diligenciada de cada estudiante residente. | E60: =VLOOKUP(C60,Familia!$A$1:$H$61,7,0) -> 0
A61: 2 | B61: Familia, Comunidad y Redes | C61: 2 | D61: Activa las rutas de atención ante cualquier situación de vulneración de derechos. | E61: =VLOOKUP(C61,Familia!$A$1:$H$61,7,0) -> 0
A62: 2 | B62: Familia, Comunidad y Redes | C62: 3 | D62: Cuenta con un cronograma donde se visibiliza acciones de fortalecimiento del vínculo Familia – Escuela. | E62: =VLOOKUP(C62,Familia!$A$1:$H$61,7,0) -> 0
A63: 2 | B63: Familia, Comunidad y Redes | C63: 4 | D63: Realiza encuentros periódicos entre la familia y/o responsables, y las niñas, niños y adolescentes. Como una estrategia de fortalecimiento del vínculo afectivo. | E63: =VLOOKUP(C63,Familia!$A$1:$H$61,7,0) -> 0
A64: 2 | B64: Familia, Comunidad y Redes | C64: 5 | D64: Propicia encuentros y/o actividades entre las y los estudiantes residentes y la comunidad. | E64: =VLOOKUP(C64,Familia!$A$1:$H$61,7,0) -> 0
A65: 2 | B65: Familia, Comunidad y Redes | C65: 6 | D65: Fomenta la comunicación (llamadas – video llamadas – mensajes de audio, cartas) permanente entre la familia y las y los estudiantes residentes. | E65: =VLOOKUP(C65,Familia!$A$1:$H$61,7,0) -> 0
A66: 2 | B66: Familia, Comunidad y Redes | C66: 7 | D66: Realiza escuela de padres. (4 veces al año) | E66: =VLOOKUP(C66,Familia!$A$1:$H$61,7,0) -> 0
A67: 2 | B67: Familia, Comunidad y Redes | C67: 8 | D67: Realiza actividades recreo- deportivas vinculando a estudiantes, madres y padres de familia y comunidad. (3 veces al año) | E67: =VLOOKUP(C67,Familia!$A$1:$H$61,7,0) -> 0
A68: 2 | B68: Familia, Comunidad y Redes | C68: 9 | D68: Promueve acciones para visibilizar las prácticas culturales y preservar la cultura de la región. | E68: =VLOOKUP(C68,Familia!$A$1:$H$61,7,0) -> 0
A69: 3 | B69: Familia, Comunidad y Redes | C69: 10 | D69: Cuenta con un plan de acompañamiento psicosocial para cada estudiante residente | E69: =VLOOKUP(C69,Familia!$A$1:$H$61,7,0) -> 0
A70: 3 | B70: Familia, Comunidad y Redes | C70: 11 | D70: Identifica y gestiona situaciones de vulneración de derechos de las y los estudiantes residentes. | E70: =VLOOKUP(C70,Familia!$A$1:$H$61,7,0) -> 0
A71: 3 | B71: Familia, Comunidad y Redes | C71: 12 | D71: Cuenta con un mapeo de actores, ruta de atención integral del Municipio y Plan de Atención Integral. | E71: =VLOOKUP(C71,Familia!$A$1:$H$61,7,0) -> 0
A72: 3 | B72: Familia, Comunidad y Redes | C72: 13 | D72: Dispone de evidencias donde se visibilizan acciones de fortalecimiento del vínculo Familia – Escuela. | E72: =VLOOKUP(C72,Familia!$A$1:$H$61,7,0) -> 0
A73: 2 | B73: Familia, Comunidad y Redes | C73: 1.o | D73: =VLOOKUP(C73,Familia!$A$1:$H$61,2,0) -> 0 | E73: =VLOOKUP(C73,Familia!$A$1:$H$61,7,0) -> 0
A74: 2 | B74: Familia, Comunidad y Redes | C74: 2.o | D74: =VLOOKUP(C74,Familia!$A$1:$H$61,2,0) -> 0 | E74: =VLOOKUP(C74,Familia!$A$1:$H$61,7,0) -> 0
A75: 2 | B75: Familia, Comunidad y Redes | C75: 3.o | D75: =VLOOKUP(C75,Familia!$A$1:$H$61,2,0) -> 0 | E75: =VLOOKUP(C75,Familia!$A$1:$H$61,7,0) -> 0
A76: 2 | B76: Familia, Comunidad y Redes | C76: 4.o | D76: =VLOOKUP(C76,Familia!$A$1:$H$61,2,0) -> 0 | E76: =VLOOKUP(C76,Familia!$A$1:$H$61,7,0) -> 0
A77: 2 | B77: Familia, Comunidad y Redes | C77: 5.o | D77: =VLOOKUP(C77,Familia!$A$1:$H$61,2,0) -> 0 | E77: =VLOOKUP(C77,Familia!$A$1:$H$61,7,0) -> 0
A78: 2 | B78: Familia, Comunidad y Redes | C78: 6.o | D78: =VLOOKUP(C78,Familia!$A$1:$H$61,2,0) -> 0 | E78: =VLOOKUP(C78,Familia!$A$1:$H$61,7,0) -> 0
A79: 2 | B79: Infraestructura y Ambientes protectores y seguros | C79: 1 | D79: La Residencia Escolar conformó un comité de gestión de riesgos. | E79: =VLOOKUP(C79,Infraestructura!$A$1:$H$60,7,0) -> 0
A80: 2 | B80: Infraestructura y Ambientes protectores y seguros | C80: 2 | D80: La Residencia escolar cuenta con los documentos actualizados que garanticen la tenencia y propiedad del predio donde se encuentra la institución educativa. | E80: =VLOOKUP(C80,Infraestructura!$A$1:$H$60,7,0) -> 0
A81: 2 | B81: Infraestructura y Ambientes protectores y seguros | C81: 3 | D81: La Residencia escolar cuenta con el servicio de agua potable. | E81: =VLOOKUP(C81,Infraestructura!$A$1:$H$60,7,0) -> 0
A82: 2 | B82: Infraestructura y Ambientes protectores y seguros | C82: 4 | D82: La Residencia escolar cuenta con el servicio de energía eléctrica. | E82: =VLOOKUP(C82,Infraestructura!$A$1:$H$60,7,0) -> 0
A83: 2 | B83: Infraestructura y Ambientes protectores y seguros | C83: 5 | D83: La Residencia escolar cuenta con el servicio de energías alternativas. | E83: =VLOOKUP(C83,Infraestructura!$A$1:$H$60,7,0) -> 0
A84: 2 | B84: Infraestructura y Ambientes protectores y seguros | C84: 6 | D84: La Residencia escolar cuenta con el servicio de manejo de aguas residuales. | E84: =VLOOKUP(C84,Infraestructura!$A$1:$H$60,7,0) -> 0
A85: 2 | B85: Infraestructura y Ambientes protectores y seguros | C85: 7 | D85: La Residencia escolar cuenta con sistemas de recolección de residuos sólidos. | E85: =VLOOKUP(C85,Infraestructura!$A$1:$H$60,7,0) -> 0
A86: 2 | B86: Infraestructura y Ambientes protectores y seguros | C86: 8 | D86: La Residencia escolar cuenta con los espacios educativos, habitacionales y de recreación dotados del mobiliario requerido para el uso y goce adecuado. | E86: =VLOOKUP(C86,Infraestructura!$A$1:$H$60,7,0) -> 0
A87: 2 | B87: Infraestructura y Ambientes protectores y seguros | C87: 9 | D87: La Residencia escolar cuenta con el menaje y materiales indispensables para realizar las diferentes labores dentro de la residencia (administrativa, alimentación y servicios generales). | E87: =VLOOKUP(C87,Infraestructura!$A$1:$H$60,7,0) -> 0
A88: 2 | B88: Infraestructura y Ambientes protectores y seguros | C88: 10 | D88: La Residencia escolar cuenta con diferentes puntos ecológicos para arrojar basura dentro de la institución educativa adoptando la cultura del reciclaje. | E88: =VLOOKUP(C88,Infraestructura!$A$1:$H$60,7,0) -> 0
A89: 2 | B89: Infraestructura y Ambientes protectores y seguros | C89: 11 | D89: La Residencia escolar cuenta con espacios adaptados e implementa condiciones para el tránsito de personas con discapacidad y movilidad reducida. | E89: =VLOOKUP(C89,Infraestructura!$A$1:$H$60,7,0) -> 0
A90: 3 | B90: Infraestructura y Ambientes protectores y seguros | C90: 12 | D90: La Residencia escolar cuenta con el documento del plan escolar de gestión de riesgos de desastres que incluya: identificación de los riesgos (amenazas y vulnerabilidades); reducción de los riesgos (plan de prevención y mitigación); respuesta a las emergencias (conformación de la brigada, plan de evacuación, contra incendio, primeros auxilios, seguridad, planes de acción, planes de contingencia, un directorio de emergencias, señalización de emergencias, análisis de suministros y recursos) | E90: =VLOOKUP(C90,Infraestructura!$A$1:$H$60,7,0) -> 0
... A94: 3 | B94: Infraestructura y Ambientes protectores y seguros | C94: 16 | D94: La Residencia escolar cuenta con procesos de administración y mantenimiento de la planta física e implementa campañas con la comunidad. | E94: =VLOOKUP(C94,Infraestructura!$A$1:$H$60,7,0) -> 0
A95: 3 | B95: Infraestructura y Ambientes protectores y seguros | C95: 1.a | D95: El comité de gestión de riesgos ha elaborado el Protocolo de gestión de riesgos de accidentes (identificación y reducción de riesgos de accidentes, medidas de prevención y acciones en caso de que ocurra el accidente) | E95: =VLOOKUP(C95,Infraestructura!$A$1:$H$60,7,0) -> 0
A96: 3 | B96: Infraestructura y Ambientes protectores y seguros | C96: 1.b | D96: El comité de gestión de riesgos implementó y socializó el Protocolo gestión de riesgos de accidentes. | E96: =VLOOKUP(C96,Infraestructura!$A$1:$H$60,7,0) -> 0
A97: 3 | B97: Infraestructura y Ambientes protectores y seguros | C97: 1.c | D97: El comité de gestión de riesgos realiza el seguimiento a la implementación del protocolo de gestión de riesgos de accidentes | E97: =VLOOKUP(C97,Infraestructura!$A$1:$H$60,7,0) -> 0
A98: 5 | B98: Infraestructura y Ambientes protectores y seguros | C98: 17 | D98: La Residencia Escolar dispone de espacios en condiciones mínimas para su adecuado funcionamiento acorde al número de estudiantes residentes y sus cuidadores para los siguientes espacios: dormitorios para estudiantes, dormitorios para cuidadores, sala de estar, lavandería, servicios sanitarios y primeros auxilios. | E98: =VLOOKUP(C98,Infraestructura!$A$1:$H$60,7,0) -> 0
A99: 5 | B99: Infraestructura y Ambientes protectores y seguros | C99: 18 | D99: La Residencia Escolar dispone de espacios en condiciones mínimas para su adecuado funcionamiento acorde al número de estudiantes residentes y sus cuidadores para los siguientes espacios complementarios de su operación: cocina, comedor, zona almacenamiento alimentos, biblioteca, zonas recreativas. | E99: =VLOOKUP(C99,Infraestructura!$A$1:$H$60,7,0) -> 0
A100: 5 | B100: Infraestructura y Ambientes protectores y seguros | C100: 19 | D100: La Residencia Escolar dispone de espacios en condiciones mínimas para el uso del tiempo libre como: ludoteca, salas de lectura y artes, salas de juego, espacios productivos. | E100: =VLOOKUP(C100,Infraestructura!$A$1:$H$60,7,0) -> 0
A101: 2 | B101: Infraestructura y Ambientes protectores y seguros | C101: 1.o | D101: =VLOOKUP(C101,Infraestructura!$A$1:$H$60,2,0) -> 0 | E101: =VLOOKUP(C101,Infraestructura!$A$1:$H$60,7,0) -> 0
A102: 2 | B102: Infraestructura y Ambientes protectores y seguros | C102: 2.o | D102: =VLOOKUP(C102,Infraestructura!$A$1:$H$60,2,0) -> 0 | E102: =VLOOKUP(C102,Infraestructura!$A$1:$H$60,7,0) -> 0
A103: 2 | B103: Infraestructura y Ambientes protectores y seguros | C103: 3.o | D103: =VLOOKUP(C103,Infraestructura!$A$1:$H$60,2,0) -> 0 | E103: =VLOOKUP(C103,Infraestructura!$A$1:$H$60,7,0) -> 0
A104: 2 | B104: Infraestructura y Ambientes protectores y seguros | C104: 4.o | D104: =VLOOKUP(C104,Infraestructura!$A$1:$H$60,2,0) -> 0 | E104: =VLOOKUP(C104,Infraestructura!$A$1:$H$60,7,0) -> 0
A105: 2 | B105: Infraestructura y Ambientes protectores y seguros | C105: 5.o | D105: =VLOOKUP(C105,Infraestructura!$A$1:$H$60,2,0) -> 0 | E105: =VLOOKUP(C105,Infraestructura!$A$1:$H$60,7,0) -> 0
A106: 2 | B106: Infraestructura y Ambientes protectores y seguros | C106: 6.o | D106: =VLOOKUP(C106,Infraestructura!$A$1:$H$60,2,0) -> 0 | E106: =VLOOKUP(C106,Infraestructura!$A$1:$H$60,7,0) -> 0
A107: 2 | B107: Infraestructura y Ambientes protectores y seguros | C107: 7.o | D107: =VLOOKUP(C107,Infraestructura!$A$1:$H$60,2,0) -> 0 | E107: =VLOOKUP(C107,Infraestructura!$A$1:$H$60,7,0) -> 0
A108: 2 | B108: Infraestructura y Ambientes protectores y seguros | C108: 8.o | D108: =VLOOKUP(C108,Infraestructura!$A$1:$H$60,2,0) -> 0 | E108: =VLOOKUP(C108,Infraestructura!$A$1:$H$60,7,0) -> 0
A109: 2 | B109: Infraestructura y Ambientes protectores y seguros | C109: 9.o | D109: =VLOOKUP(C109,Infraestructura!$A$1:$H$60,2,0) -> 0 | E109: =VLOOKUP(C109,Infraestructura!$A$1:$H$60,7,0) -> 0
A110: 2 | B110: Pedagógico y Vida Cotidiana | C110: 1 | D110: Hay evidencia de reuniones con docentes del EE para informarse y hacer seguimiento al desempeño académico de las niñas, los niños y las y los adolescentes residentes. | E110: =VLOOKUP(C110,Pedagogico!$A$1:$H$61,7,0) -> 0
A111: 2 | B111: Pedagógico y Vida Cotidiana | C111: 2 | D111: Hay evidencia de reuniones con padres de familia, acudientes y / o cuidadores para informarlos sobre el desempeño académico de las niñas, los niños y las y los adolescentes residentes y su comportamiento en la RE. | E111: =VLOOKUP(C111,Pedagogico!$A$1:$H$61,7,0) -> 0
A112: 2 | B112: Pedagógico y Vida Cotidiana | C112: 3 | D112: Se planean y desarrollan espacios para las celebraciones de cumpleaños y reconocimientos de logros de NNA. | E112: =VLOOKUP(C112,Pedagogico!$A$1:$H$61,7,0) -> 0
A113: 2 | B113: Pedagógico y Vida Cotidiana | C113: 4 | D113: Se planean y desarrollan espacios de capacitación y reflexión para fortalecer estrategias de autodeterminación, autonomía y toma de decisiones. | E113: =VLOOKUP(C113,Pedagogico!$A$1:$H$61,7,0) -> 0
A114: 2 | B114: Pedagógico y Vida Cotidiana | C114: 5 | D114: Se planean y desarrollan actividades para fortalecer hábitos de lectura y escritura de NNA. | E114: =VLOOKUP(C114,Pedagogico!$A$1:$H$61,7,0) -> 0
A115: 2 | B115: Pedagógico y Vida Cotidiana | C115: 6 | D115: Se planean y desarrollan espacios de análisis de interacción con medios masivos (televisión, internet, redes sociales). | E115: =VLOOKUP(C115,Pedagogico!$A$1:$H$61,7,0) -> 0
A116: 2 | B116: Pedagógico y Vida Cotidiana | C116: 7 | D116: Se desarrollan espacios de afianzamiento de la identidad (infancia, pubertad, adolescencia) acordes con el ciclo vital. | E116: =VLOOKUP(C116,Pedagogico!$A$1:$H$61,7,0) -> 0
A117: 2 | B117: Pedagógico y Vida Cotidiana | C117: 8 | D117: Se planean y desarrollan espacios de fortalecimiento psicosocial con perspectiva de género. | E117: =VLOOKUP(C117,Pedagogico!$A$1:$H$61,7,0) -> 0
A118: 2 | B118: Pedagógico y Vida Cotidiana | C118: 9 | D118: Se crean espacios para la solución mediada y pacífica de conflictos o contravenciones al manual de convivencia de la RE. | E118: =VLOOKUP(C118,Pedagogico!$A$1:$H$61,7,0) -> 0
A119: 2 | B119: Pedagógico y Vida Cotidiana | C119: 10 | D119: Se planean, plantean y desarrollan proyectos productivos acordes con las características del contexto. | E119: =VLOOKUP(C119,Pedagogico!$A$1:$H$61,7,0) -> 0
A120: 2 | B120: Pedagógico y Vida Cotidiana | C120: 11 | D120: Se crean los Planes Individuales de Ajustes Razonables para las niñas, los niños y las y los adolescentes con discapacidad. | E120: =VLOOKUP(C120,Pedagogico!$A$1:$H$61,7,0) -> 0
B121: Pedagógico y Vida Cotidiana | C121: 12 | D121: Se identifican y se promueven acciones pedagógicas que favorezcan los intereses particulares de los NNA (música, arte, deporte, tradición oral,). | E121: =VLOOKUP(C121,Pedagogico!$A$1:$H$61,7,0) -> 0
A122: 3 | B122: Pedagógico y Vida Cotidiana | C122: 13 | D122: Se definen los momentos claros para las rutinas diarias; se plantean sin sobrepasar los tiempos del descanso; están visibles, y las niñas, los niños y las y los adolescentes saben en qué consisten y en qué momentos concretos desarrollarlos. | E122: =VLOOKUP(C122,Pedagogico!$A$1:$H$61,7,0) -> 0
A123: 3 | B123: Pedagógico y Vida Cotidiana | C123: 14 | D123: Se sigue un protocolo claro y visible para hacer el seguimiento a las rutinas diarias y hay una o un responsable de diligenciarlo. | E123: =VLOOKUP(C123,Pedagogico!$A$1:$H$61,7,0) -> 0
A124: 3 | B124: Pedagógico y Vida Cotidiana | C124: 15 | D124: Se ofrecen apoyos pedagógicos para el cumplimiento de las labores académicas que deben realizar las y los NNA. | E124: =VLOOKUP(C124,Pedagogico!$A$1:$H$61,7,0) -> 0
A125: 3 | B125: Pedagógico y Vida Cotidiana | C125: 16 | D125: Se crean planes de mejoramiento individualizados, tanto para las dinámicas del habitar en la RE, como para el desempeño académico de NNA residentes. | E125: =VLOOKUP(C125,Pedagogico!$A$1:$H$61,7,0) -> 0
A126: 2 | B126: Infraestructura y Ambientes protectores y seguros | C126: 1.o | D126: =VLOOKUP(C126,Pedagogico!$A$1:$H$61,2,0) -> 0 | E126: =VLOOKUP(C126,Pedagogico!$A$1:$H$61,7,0) -> 0
A127: 2 | B127: Infraestructura y Ambientes protectores y seguros | C127: 2.o | D127: =VLOOKUP(C127,Pedagogico!$A$1:$H$61,2,0) -> 0 | E127: =VLOOKUP(C127,Pedagogico!$A$1:$H$61,7,0) -> 0
A128: 2 | B128: Infraestructura y Ambientes protectores y seguros | C128: 3.o | D128: =VLOOKUP(C128,Pedagogico!$A$1:$H$61,2,0) -> 0 | E128: =VLOOKUP(C128,Pedagogico!$A$1:$H$61,7,0) -> 0
A129: 2 | B129: Infraestructura y Ambientes protectores y seguros | C129: 4.o | D129: =VLOOKUP(C129,Pedagogico!$A$1:$H$61,2,0) -> 0 | E129: =VLOOKUP(C129,Pedagogico!$A$1:$H$61,7,0) -> 0
A130: 2 | B130: Infraestructura y Ambientes protectores y seguros | C130: 5.o | D130: =VLOOKUP(C130,Pedagogico!$A$1:$H$61,2,0) -> 0 | E130: =VLOOKUP(C130,Pedagogico!$A$1:$H$61,7,0) -> 0
A131: 2 | B131: Infraestructura y Ambientes protectores y seguros | C131: 6.o | D131: =VLOOKUP(C131,Pedagogico!$A$1:$H$61,2,0) -> 0 | E131: =VLOOKUP(C131,Pedagogico!$A$1:$H$61,7,0) -> 0
...

Sheet Administrativo(1)
A1: No. Criterio | B1: Criterio de calidad - instrumento | D1: No Existe | F1: Existe | H1: Resultado | I1: Mejoramiento Continuo
A2: 1 | B2: La residencia escolar cuenta con Directivo Rural. | H2: =IF(F2="X",1,0) -> 0
A3: 2 | B3: La residencia escolar cuenta con Coordinador académico, de disciplina o de estudiantes residentes. | H3: =IF(F3="X",1,0) -> 0
A4: 3 | B4: La residencia escolar cuenta con docentes en cada área del conocimiento, en los diferentes niveles educativos. | H4: =IF(F4="X",1,0) -> 0
A5: 4 | B5: La residencia escolar cuenta con Psico Orientador o personal para apoyo a orientación de estudiantes residentes. | H5: =IF(F5="X",1,0) -> 0
A6: 5 | B6: La residencia escolar cuenta con personal de manipulación de alimentos idóneo para el cumplimiento de sus funciones (El personal debe contar con certificado del curso de manipulación de alimentos vigente) | H6: =IF(F6="X",1,0) -> 0
A7: 6 | B7: Durante el proceso de matrícula de las niñas, niños y adolescentes, se verifica por parte del personal directivo y administrativo de la residencia escolar, que se cumpla con tener ocho (8) años cumplidos al momento de ingresar a la residencia escolar y no superar la mayoría de edad. | H7: =IF(F7="X",1,0) -> 0
A8: 7 | B8: Durante el proceso de matrícula de las niñas, niños y adolescentes, se verifica por parte del personal directivo y administrativo de la residencia escolar, que se cumpla con Residir en zonas rurales de movilidad compleja. | H8: =IF(F8="X",1,0) -> 0
A9: 8 | B9: Durante el proceso de matrícula de las niñas, niños y adolescentes, se verifica por parte del personal directivo y administrativo de la residencia escolar, que se cumpla con No contar con otra oferta educativa cercana a su residencia. | H9: =IF(F9="X",1,0) -> 0
A10: 9 | B10: Durante el proceso de matrícula de las niñas, niños y adolescentes, se verifica por parte del personal directivo y administrativo de la residencia escolar, que se cumpla con que Las niñas, niños y adolescentes no son beneficiarios de otras estrategias de bienestar y permanencia como: transporte escolar, modelos de educación flexible). | H10: =IF(F10="X",1,0) -> 0
A11: 10 | B11: En la residencia escolar se cuenta con instrumentos como: (formatos, fichas, caracterizaciones), para el respectivo seguimiento y control a los estudiantes residentes durante su permanencia en el establecimiento educativo y al momento de salir a visitas familiares o por motivos de salud. | H11: =IF(F11="X",1,0) -> 0
A12: 11 | B12: Cuando las y los estudiantes salen de la residencia escolar de forma definitiva, se realiza una valoración de salida que incluye el análisis del diario del estudiante residente | H12: =IF(F12="X",1,0) -> 0
A13: 12 | B13: Cuando las y los estudiantes salen de la residencia escolar de forma definitiva, se realiza una valoración de salida que incluye los desempeños en cada una de las áreas del conocimiento. | H13: =IF(F13="X",1,0) -> 0
... A16: 15 | B16: Se cuenta en la residencia escolar con procesos o instrumentos que hagan seguimiento diario a las actividades cotidianas de estudiantes residentes. | H16: =IF(F16="X",1,0) -> 0
A17: 1.o | H17: =IF(F17="X",1,"")
A18: 2.o | H18: =IF(F18="X",1,"")
A19: 3.o | H19: =IF(F19="X",1,"")
A20: No. Criterio | B20: Criterio de calidad - instrumento | D20: Nulo | E20: En desarrollo | F20: Consolidado | G20: Avanzado | H20: Resultado | I20: Mejoramiento Continuo
A21: 16 | B21: La sede o sedes del establecimiento educativo con residencia escolar, cuenta con un documento que define la estrategia de acogida para estudiantes residentes, articulada con el horizonte institucional. | H21: =IF(D21="X",0,IF(E21="X",0.5,IF(F21="X",0.75,IF(G21="X",1,0)))) -> 0
A22: 19 | B22: Dentro de los documentos institucionales (PEI y Manual de Convivencia), se define de manera detallada un perfil del estudiante residente que se quiere formar. | H22: =IF(D22="X",0,IF(E22="X",0.5,IF(F22="X",0.75,IF(G22="X",1,0)))) -> 0
A23: 20 | B23: Los perfiles del talento humano de la residencia escolar, están claramente definidos e integrados a los documentos de gestión institucional en particular el PEI y allí se detallan los requisitos mínimos y las funciones del personal que estará a cargo de la atención a los estudiantes residentes. | H23: =IF(D23="X",0,IF(E23="X",0.5,IF(F23="X",0.75,IF(G23="X",1,0)))) -> 0
A24: 21 | B24: Como actividades complementarias a los procesos académicos, la residencia escolar programa espacios que involucran a estudiantes residentes teniendo en cuenta aspectos afectivos, emocionales, psicológicos, desarrollo corporal, lúdico, artístico y recreativo. | H24: =IF(D24="X",0,IF(E24="X",0.5,IF(F24="X",0.75,IF(G24="X",1,0)))) -> 0
A25: 22 | B25: Se cuenta con una instancia o ente específico para la coordinación, seguimiento y apoyo a las actividades que se realizan al interior de la residencia escolar, el cual garantiza la participación de los diferentes miembros de la comunidad educativa. | H25: =IF(D25="X",0,IF(E25="X",0.5,IF(F25="X",0.75,IF(G25="X",1,0)))) -> 0
A26: 23 | B26: Dentro de los procesos de gestión de calidad y administración del establecimiento educativo, se realizan actividades de capacitación al equipo de talento humano de la residencia escolar, con el propósito de promover un mejor desarrollo de actividades que permitan la eficiencia y el mejoramiento continuo. | H26: =IF(D26="X",0,IF(E26="X",0.5,IF(F26="X",0.75,IF(G26="X",1,0)))) -> 0
A27: 24 | B27: Los directivos y docentes del establecimiento educativo, conocen las condiciones mínimas para acceder a proyectos del Sistema General de Regalías (SGR) y tienen identificadas iniciativas desde cada área del conocimiento, que pueden formularse para ser financiadas por el mismo. | H27: =IF(D27="X",0,IF(E27="X",0.5,IF(F27="X",0.75,IF(G27="X",1,0)))) -> 0
A28: 25 | B28: Los directivos y docentes del establecimiento educativo, identifican actores estratégicos claves de la comunidad, sector educativo, productivo, económico, no gubernamentales, con los cuales se pueda articular la residencia escolar, para la celebración de convenios y alianzas . | H28: =IF(D28="X",0,IF(E28="X",0.5,IF(F28="X",0.75,IF(G28="X",1,0)))) -> 0
A29: 4.o | H29: =IF(D29="X",0,IF(E29="X",0.5,IF(F29="X",0.75,IF(G29="X",1,""))))
A30: 5.o | H30: =IF(D30="X",0,IF(E30="X",0.5,IF(F30="X",0.75,IF(G30="X",1,""))))
A31: 6.o | H31: =IF(D31="X",0,IF(E31="X",0.5,IF(F31="X",0.75,IF(G31="X",1,""))))
A32: No. Criterio | B32: Criterio de calidad - instrumento | D32: Nulo | E32: Regular | F32: Buena | G32: Excelente | H32: Resultado | I32: Mejoramiento Continuo
A33: 26 | B33: En la residencia escolar se hace revisión del inventario de bienes con los que se cuenta de forma continua, periódica y organizada, con el objetivo de establecer la disponibilidad de recursos físicos para determinar aquellos que deban darse de baja, reponerse o adquirirse. | H33: =IF(D33="X",0,IF(E33="X",0.5,IF(F33="X",0.75,IF(G33="X",1,0)))) -> 0
A34: 27 | B34: El personal directivo y administrativo de la residencia escolar, realiza un proceso de seguimiento y auditoría al cargue de matrícula de estudiantes residentes en SIMAT, cumpliendo con principios de calidad, oportunidad y veracidad de la información, atendiendo a orientaciones de las Secretarías de Educación y el MEN. | H34: =IF(D34="X",0,IF(E34="X",0.5,IF(F34="X",0.75,IF(G34="X",1,0)))) -> 0
A35: 7.o | H35: =IF(D35="X",0,IF(E35="X",0.5,IF(F35="X",0.75,IF(G35="X",1,""))))
A36: 8.o | H36: =IF(D36="X",0,IF(E36="X",0.5,IF(F36="X",0.75,IF(G36="X",1,""))))
A37: 9.o | H37: =IF(D37="X",0,IF(E37="X",0.5,IF(F37="X",0.75,IF(G37="X",1,""))))
B38: TOTAL | D38: =AVERAGE(H2:H19,H21:H31,H33:H37) -> 0

Sheet Datos generales 
A5: INSTRUMENTO DE AUTOEVALUACIÓN POR COMPONENTES
A7: Entidad Territorial certificada:
A8: Nombre del Establecimiento Educativo | F8: Municipio
A9: Sede Residencia Escolar
A10: Fecha de Autoevaluación
A14: Nombres Comisión de Residencias Escolares
A15: Nombre | C15: Teléfono de contacto | D15: Rol (Directivo docente, madres y/o padres de familia, estudiantes, coordinador residencia.)

Sheet Administrativo
A1: No. Criterio | B1: Criterio de calidad - instrumento | C1: Evidencia | D1: No Existe | F1: Existe | H1: Resultado | I1: Mejoramiento Continuo
A2: 1 | B2: La residencia escolar, cuenta con un documento de la estrategia de acogida, bienestar y permanencia para estudiantes residentes. | C2: Documento en físico y digital con estrategia de acogida, bienestar y permanencia para estudiantes residentes. | H2: =IF(F2="X",1,0) -> 0
A3: 2 | B3: Se cuenta con instrumentos como: (formatos, fichas) para el respectivo seguimiento y control a los estudiantes residentes durante su permanencia y al momento de salir a visitas familiares o por motivos de salud. | C3: Fichas de caracterización de estudiantes residentes, formatos de seguimiento a actividades académicas y de convivencia. | H3: =IF(F3="X",1,0) -> 0
A4: 3 | B4: Cuando las y los estudiantes salen de la residencia escolar de forma definitiva, se realiza una valoración de salida que incluye el análisis del diario del estudiante residente | C4: Formato valoración de salida estudiantes residentes. | H4: =IF(F4="X",1,0) -> 0
A5: 4 | B5: Cuando las y los estudiantes salen de la residencia escolar de forma definitiva, se realiza una valoración de salida que incluye los desempeños en cada una de las áreas del conocimiento. | C5: Formato valoración de salida estudiantes residentes. | H5: =IF(F5="X",1,0) -> 0
A6: 5 | B6: Cuando las y los estudiantes salen de la residencia escolar de forma definitiva, se realiza una valoración de salida que incluye los aspectos de seguimiento a salidas de la residencia escolar. | C6: Formato valoración de salida estudiantes residentes. | H6: =IF(F6="X",1,0) -> 0
A7: 6 | B7: Cuando las y los estudiantes salen de la residencia escolar de forma definitiva, se realiza una valoración de salida que incluye los aspectos de convivencia, académicos y promoción del grado escolar. | C7: Formato valoración de salida estudiantes residentes. | H7: =IF(F7="X",1,0) -> 0
A8: 7 | B8: Las niñas, niños y adolescentes cumplen con el perfil descrito en el decreto y en los lineamientos técnicos y operativos de las residencias escolares. | C8: Perfil del estudiante integrado a los documentos de gestión institucional (PEI, Manual de Convivencia) | H8: =IF(F8="X",1,0) -> 0
A9: 8 | B9: La residencia escolar cuenta con talento humano adicional al descrito en el decreto y en los lineamientos técnicos y operativos. | C9: Perfiles y funciones del talento humano adicional integrados a documentos de gestión institucional (PEI) | H9: =IF(F9="X",1,0) -> 0
A10: 9 | B10: Se cuenta en la residencia escolar con herramientas para hacer seguimiento diario a las actividades cotidianas de estudiantes residentes (Fichas de seguimiento diario, bitácoras) | C10: Fichas de seguimiento, diario o bitácora con información académica y convivencial de estudiantes residentes. | H10: =IF(F10="X",1,0) -> 0
A11: 1.o | H11: =IF(F11="X",1,"")
A12: 2.o | H12: =IF(F12="X",1,"")
A13: 3.o | H13: =IF(F13="X",1,"")
A14: No. Criterio | B14: Criterio de calidad - instrumento | C14: Evidencia | D14: Nulo | E14: En desarrollo | F14: Consolidado | G14: Avanzado | H14: Resultado | I14: Mejoramiento Continuo
A15: 10 | B15: Los perfiles del talento humano están acordes con lo descrito en el decreto y en los lineamientos técnicos y operativos de las residencias escolares. | C15: Perfiles y funciones del talento humano integrados a documentos de gestión institucional según decreto (PEI) | H15: =IF(D15="X",0,IF(E15="X",0.5,IF(F15="X",0.75,IF(G15="X",1,0)))) -> 0
A16: 11 | B16: Como actividades complementarias a los procesos académicos, la residencia escolar programa espacios que involucran a estudiantes residentes teniendo en cuenta aspectos afectivos, emocionales, psicológicos, desarrollo corporal, lúdico, artístico y recreativo. | C16: Cronograma de actividades culturales, lúdicas, artísticas, deportivas integrado al POA o la programación académica del año lectivo. | H16: =IF(D16="X",0,IF(E16="X",0.5,IF(F16="X",0.75,IF(G16="X",1,0)))) -> 0
A17: 12 | B17: Se cuenta con una instancia o ente específico para la coordinación, seguimiento y apoyo a las actividades que se realizan al interior de la residencia escolar, el cual garantiza la participación de los involucrados. | C17: Acta de constitución de la Comisión de Residencia Escolar, listas de asistencia. | H17: =IF(D17="X",0,IF(E17="X",0.5,IF(F17="X",0.75,IF(G17="X",1,0)))) -> 0
A18: 13 | B18: Dentro de los procesos de gestión de calidad y administración del establecimiento educativo, se realizan actividades de capacitación al equipo de talento humano de la residencia escolar, con el propósito de promover un mejor desarrollo de actividades que permitan el fortalecimiento de las capacidades y por ende un mejor desarrollo de las acciones. | C18: Listas de asistencia, memorias de talleres, registro fotográfico. | H18: =IF(D18="X",0,IF(E18="X",0.5,IF(F18="X",0.75,IF(G18="X",1,0)))) -> 0
A19: 14 | B19: Los directivos y docentes conocen las condiciones mínimas para acceder a proyectos del Sistema General de Regalías (SGR) y tienen identificadas iniciativas desde cada área del conocimiento, que pueden formularse para ser financiadas por el mismo. | C19: Archivo físico y digital de proyectos formulados en cada área del conocimiento. | H19: =IF(D19="X",0,IF(E19="X",0.5,IF(F19="X",0.75,IF(G19="X",1,0)))) -> 0
A20: 15 | B20: Los directivos y docentes cuentan con un directorio de actores estratégicos claves de la comunidad, sector educativo, productivo, económico o social, organizaciones no gubernamentales, con los cuales se pueda articular la residencia escolar, para la celebración de convenios y alianzas. | C20: Directorio, bases de datos, con contactos de actores externos que fortalecen el trabajo y desarrollo de la comunidad educativa de la residencia escolar. | H20: =IF(D20="X",0,IF(E20="X",0.5,IF(F20="X",0.75,IF(G20="X",1,0)))) -> 0
A21: 4.o | H21: =IF(D21="X",0,IF(E21="X",0.5,IF(F21="X",0.75,IF(G21="X",1,""))))
A22: 5.o | H22: =IF(D22="X",0,IF(E22="X",0.5,IF(F22="X",0.75,IF(G22="X",1,""))))
A23: 6.o | H23: =IF(D23="X",0,IF(E23="X",0.5,IF(F23="X",0.75,IF(G23="X",1,""))))
A24: No. Criterio | B24: Criterio de calidad - instrumento | C24: Evidencia | D24: Nulo | E24: Regular | F24: Buena | G24: Excelente | H24: Resultado | I24: Mejoramiento Continuo
A25: 16 | B25: Se cuenta con un inventario de bienes con el objetivo de establecer la disponibilidad de recursos físicos para determinar aquellos que deban darse de baja, reponerse o adquirirse. | C25: Archivo físico y digital del inventario de la residencia escolar, actas de entrega, egreso o ingreso de bienes, registro fotográfico. | H25: =IF(D25="X",0,IF(E25="X",0.5,IF(F25="X",0.75,IF(G25="X",1,0)))) -> 0
A26: 17 | B26: El personal directivo y administrativo realiza un proceso de seguimiento y auditoría al cargue de matrícula de estudiantes residentes en SIMAT, cumpliendo con principios de calidad, oportunidad y veracidad de la información, atendiendo a orientaciones de las Secretarías de Educación y el MEN. | C26: Formatos de registro de información de estudiantes residentes SIMAT, bases de datos matrícula actualizadas. | H26: =IF(D26="X",0,IF(E26="X",0.5,IF(F26="X",0.75,IF(G26="X",1,0)))) -> 0
A27: 7.o | H27: =IF(D27="X",0,IF(E27="X",0.5,IF(F27="X",0.75,IF(G27="X",1,""))))
A28: 8.o | H28: =IF(D28="X",0,IF(E28="X",0.5,IF(F28="X",0.75,IF(G28="X",1,""))))
A29: 9.o | H29: =IF(D29="X",0,IF(E29="X",0.5,IF(F29="X",0.75,IF(G29="X",1,""))))
B30: TOTAL | D30: =AVERAGE(H2:H13,H15:H23,H25:H29) -> 0

Sheet Familia
A1: No. Criterio | B1: Criterio de calidad - instrumento | C1: Evidencia | D1: No Existe | F1: Existe | H1: Resultado | I1: Mejoramiento Continuo
A2: 1 | B2: Dispone de la ficha de caracterización sociofamiliar diligenciada de cada estudiante residente. | C2: Ficha de caracterización sociofamiliar diligenciada por cada estudiante. | H2: =IF(F2="X",1,0) -> 0
A3: 2 | B3: Activa las rutas de atención ante cualquier situación de vulneración de derechos. | C3: Informe sobre la situación de vulneración identificada y soporte de la activación de ruta (acta, informe de llamada) | H3: =IF(F3="X",1,0) -> 0
A4: 3 | B4: Cuenta con un cronograma donde se visibiliza acciones de fortalecimiento del vínculo Familia – Escuela. | C4: Cronograma, fichas de planeación de actividades. | H4: =IF(F4="X",1,0) -> 0
A5: 4 | B5: Realiza encuentros periódicos entre la familia y/o responsables, y las niñas, niños y adolescentes. Como una estrategia de fortalecimiento del vínculo afectivo. | C5: Ficha de planeación y de desarrollo de actividades diligenciadas por cada actividad a desarrollar y desarrollada; registro de asistencia, soporte fotográfico | H5: =IF(F5="X",1,0) -> 0
A6: 5 | B6: Propicia encuentros y/o actividades entre las y los estudiantes residentes y la comunidad. | C6: Ficha de planeación y de desarrollo de actividades diligenciadas por cada actividad a desarrollar y desarrollada; registro de asistencia, soporte fotográfico. | H6: =IF(F6="X",1,0) -> 0
A7: 6 | B7: Fomenta la comunicación (llamadas – video llamadas – mensajes de audio, cartas) permanente entre la familia y las y los estudiantes residentes. | C7: Ficha de planeación y de desarrollo de actividades diligenciadas por cada actividad a desarrollar y desarrollada; soporte fotográfico. | H7: =IF(F7="X",1,0) -> 0
A8: 7 | B8: Realiza escuela de padres. (4 veces al año) | C8: Ficha de planeación y de desarrollo de actividades diligenciadas por cada actividad a desarrollar y desarrollada; registro de asistencia, soporte fotográfico. | H8: =IF(F8="X",1,0) -> 0
A9: 8 | B9: Realiza actividades recreo- deportivas vinculando a estudiantes, madres y padres de familia y comunidad. (3 veces al año) | C9: Ficha de planeación y de desarrollo de actividades diligenciadas por cada actividad a desarrollar y desarrollada; registro de asistencia, soporte fotográfico. | H9: =IF(F9="X",1,0) -> 0
A10: 9 | B10: Promueve acciones para visibilizar las prácticas culturales y preservar la cultura de la región. | C10: Ficha de planeación y de desarrollo de actividades diligenciadas por cada actividad ; registro de asistencia, soporte fotográfico. | H10: =IF(F10="X",1,0) -> 0
A11: 1.o | H11: =IF(F11="X",1,"")
A12: 2.o | H12: =IF(F12="X",1,"")
A13: 3.o | H13: =IF(F13="X",1,"")
A14: No. Criterio | B14: Criterio de calidad - instrumento | C14: Evidencia | D14: Nulo | E14: En desarrollo | F14: Consolidado | G14: Avanzado | H14: Resultado | I14: Mejoramiento Continuo
A15: 10 | B15: Cuenta con un plan de acompañamiento psicosocial para cada estudiante residente | C15: Plan de acompañamiento diligenciado y con soportes (actas, reportes, soporte fotográfico) por cada estudiante residente. | H15: =IF(D15="X",0,IF(E15="X",0.5,IF(F15="X",0.75,IF(G15="X",1,0)))) -> 0
A16: 11 | B16: Identifica y gestiona situaciones de vulneración de derechos de las y los estudiantes residentes. | C16: Informe sobre la situación de vulneración identificada. | H16: =IF(D16="X",0,IF(E16="X",0.5,IF(F16="X",0.75,IF(G16="X",1,0)))) -> 0
A17: 12 | B17: Cuenta con un mapeo de actores, ruta de atención integral del Municipio y Plan de Atención Integral. | C17: Mapeo de actores, ruta de atención integral del Municipio y Plan de Atención Integral visibles. | H17: =IF(D17="X",0,IF(E17="X",0.5,IF(F17="X",0.75,IF(G17="X",1,0)))) -> 0
A18: 13 | B18: Dispone de evidencias donde se visibilizan acciones de fortalecimiento del vínculo Familia – Escuela. | C18: Ficha de planeación y de desarrollo de actividades diligenciadas por cada actividad a desarrollar y desarrollada; soporte fotográfico. | H18: =IF(D18="X",0,IF(E18="X",0.5,IF(F18="X",0.75,IF(G18="X",1,0)))) -> 0
B19: Dispone de evidencias donde se visibilizan acciones de fortalecimiento del vínculo Familia – Escuela. | H19: =IF(D19="X",0,IF(E19="X",0.5,IF(F19="X",0.75,IF(G19="X",1,0)))) -> 0
A20: 4.o | H20: =IF(D20="X",0,IF(E20="X",0.5,IF(F20="X",0.75,IF(G20="X",1,""))))
A21: 5.o | H21: =IF(D21="X",0,IF(E21="X",0.5,IF(F21="X",0.75,IF(G21="X",1,""))))
A22: 6.o | H22: =IF(D22="X",0,IF(E22="X",0.5,IF(F22="X",0.75,IF(G22="X",1,""))))
B23: TOTAL | D23: =AVERAGE(H2:H13,H15:H22) -> 0

Sheet Pedagogico
A1: No. Criterio | B1: Criterio de calidad - instrumento | C1: Evidencia | D1: No Existe | F1: Existe | H1: Resultado | I1: Mejoramiento Continuo
A2: 1 | B2: Hay evidencia de reuniones con docentes del EE para informarse y hacer seguimiento al desempeño académico de las niñas, los niños y las y los adolescentes residentes. | C2: Minuta o acta firmada | H2: =IF(F2="X",1,0) -> 0
A3: 2 | B3: Hay evidencia de reuniones con padres de familia, acudientes y / o cuidadores para informarlos sobre el desempeño académico de las niñas, los niños y las y los adolescentes residentes y su comportamiento en la RE. | C3: Minuta o acta firmada | H3: =IF(F3="X",1,0) -> 0
A4: 3 | B4: Se planean y desarrollan espacios para las celebraciones de cumpleaños y reconocimientos de logros de NNA. | C4: Cronograma general y registros fotográficos | H4: =IF(F4="X",1,0) -> 0
A5: 4 | B5: Se planean y desarrollan espacios de capacitación y reflexión para fortalecer estrategias de autodeterminación, autonomía y toma de decisiones. | C5: Cronograma general, guiones, minutas, listas de asistencia y registro fotográfico | H5: =IF(F5="X",1,0) -> 0
A6: 5 | B6: Se planean y desarrollan actividades para fortalecer hábitos de lectura y escritura de NNA. | C6: Cronograma general, guiones y registros fotográficos | H6: =IF(F6="X",1,0) -> 0
A7: 6 | B7: Se planean y desarrollan espacios de análisis de interacción con medios masivos (televisión, internet, redes sociales). | C7: Cronograma general, guiones y registros fotográficos | H7: =IF(F7="X",1,0) -> 0
A8: 7 | B8: Se desarrollan espacios de afianzamiento de la identidad (infancia, pubertad, adolescencia) acordes con el ciclo vital. | C8: Cronograma general, guiones y registros fotográficos | H8: =IF(F8="X",1,0) -> 0
A9: 8 | B9: Se planean y desarrollan espacios de fortalecimiento psicosocial con perspectiva de género. | C9: Cronograma general, guiones y registros fotográficos | H9: =IF(F9="X",1,0) -> 0
A10: 9 | B10: Se crean espacios para la solución mediada y pacífica de conflictos o contravenciones al manual de convivencia de la RE. | C10: Minutas o compromisos firmados | H10: =IF(F10="X",1,0) -> 0
A11: 10 | B11: Se planean, plantean y desarrollan proyectos productivos acordes con las características del contexto. | C11: Planteamiento de anteproyectos, protocolos de seguimiento y registros fotográficos | H11: =IF(F11="X",1,0) -> 0
A12: 11 | B12: Se crean los Planes Individuales de Ajustes Razonables para las niñas, los niños y las y los adolescentes con discapacidad. | C12: Portafolio con planes individuales | H12: =IF(F12="X",1,0) -> 0
A13: 12 | B13: Se identifican y se promueven acciones pedagógicas que favorezcan los intereses particulares de los NNA (música, arte, deporte, tradición oral,). | C13: Formato de seguimiento de intereses particulares. | H13: =IF(F13="X",1,0) -> 0
A14: 1.o | H14: =IF(F14="X",1,"")
A15: 2.o | H15: =IF(F15="X",1,"")
A16: 3.o | H16: =IF(F16="X",1,"")
A17: No. Criterio | B17: Criterio de calidad - instrumento | C17: Evidencia | D17: Nulo | E17: En desarrollo | F17: Consolidado | G17: Avanzado | H17: Resultado | I17: Mejoramiento Continuo
A18: 13 | B18: Se definen los momentos claros para las rutinas diarias; se plantean sin sobrepasar los tiempos del descanso; están visibles, y las niñas, los niños y las y los adolescentes saben en qué consisten y en qué momentos concretos desarrollarlos. | C18: Cartelera de rutinas y momentos; cuadro en agenda de residentes | H18: =IF(D18="X",0,IF(E18="X",0.5,IF(F18="X",0.75,IF(G18="X",1,0)))) -> 0
A19: 14 | B19: Se sigue un protocolo claro y visible para hacer el seguimiento a las rutinas diarias y hay una o un responsable de diligenciarlo. | C19: Documento de protocolo (formato y archivo organizado de los mismos) | H19: =IF(D19="X",0,IF(E19="X",0.5,IF(F19="X",0.75,IF(G19="X",1,0)))) -> 0
A20: 15 | B20: Se ofrecen apoyos pedagógicos para el cumplimiento de las labores académicas que deben realizar las y los NNA. | C20: Archivo o carpeta con banco de estrategias de apoyo | H20: =IF(D20="X",0,IF(E20="X",0.5,IF(F20="X",0.75,IF(G20="X",1,0)))) -> 0
A21: 16 | B21: Se crean planes de mejoramiento individualizados, tanto para las dinámicas del habitar en la RE, como para el desempeño académico de NNA residentes. | C21: Documento en carpeta individualizada con planes de mejoramiento | H21: =IF(D21="X",0,IF(E21="X",0.5,IF(F21="X",0.75,IF(G21="X",1,0)))) -> 0
A22: 4.o | H22: =IF(D22="X",0,IF(E22="X",0.5,IF(F22="X",0.75,IF(G22="X",1,""))))
A23: 5.o | H23: =IF(D23="X",0,IF(E23="X",0.5,IF(F23="X",0.75,IF(G23="X",1,""))))
A24: 6.o | H24: =IF(D24="X",0,IF(E24="X",0.5,IF(F24="X",0.75,IF(G24="X",1,""))))
B25: TOTAL | D25: =AVERAGE(H2:H16,H18:H24) -> 0

Sheet Salud
A1: No. Criterio | B1: Criterio de calidad - instrumento | C1: Evidencia | D1: No Existe | F1: Existe | H1: Resultado | I1: Mejoramiento Continuo
A2: 1 | B2: Verificar que los niñas, niños y adolescentes estén inscritos en el Sistema General de Seguridad Social en Salud | C2: Copia física del documento o firma de compromisos establecidos | H2: =IF(F2="X",1,0) -> 0
A3: 2 | B3: Establece espacios para socializar la Minuta Patrón, con las niñas, niños y adolescentes, con el talento humano y los padres de familia y cuidadores. | C3: Acta de sesión | H3: =IF(F3="X",1,0) -> 0
A4: 3 | B4: Propicia pausas activas diariamente en las actividades curriculares | C4: Registro fotográfico | H4: =IF(F4="X",1,0) -> 0
A5: 4 | B5: Propicia mínimo 2 visitas al año por parte de la autoridad sanitaria competente. | C5: Copia física del acta de visita de la autoridad sanitada competente | H5: =IF(F5="X",1,0) -> 0
A6: 5 | B6: Genera espacios con los padres de familia y cuidadores para sensibilizar e informar sobre el PAI | C6: Acta de sesión | H6: =IF(F6="X",1,0) -> 0
A7: 6 | B7: Dispone de espacios ecológicos para la disposición de residuos sólidos | C7: Registro fotográfico de los espacios ecológicos | H7: =IF(F7="X",1,0) -> 0
A8: 1.o | H8: =IF(F8="X",1,"")
A9: 2.o | H9: =IF(F9="X",1,"")
A10: 3.o | H10: =IF(F10="X",1,"")
A11: No. Criterio | B11: Criterio de calidad - instrumento | C11: Evidencia | D11: Nulo | E11: En desarrollo | F11: Consolidado | G11: Avanzado | H11: Resultado | I11: Mejoramiento Continuo
A12: 7 | B12: Garantiza espacios que promuevan hábitos saludables alrededor de la alimentación. (Quincenalmente) | C12: Acta de sesión | H12: =IF(D12="X",0,IF(E12="X",0.5,IF(F12="X",0.75,IF(G12="X",1,0)))) -> 0
A13: 8 | B13: Incorpora un porcentaje de compras locales de la región (productores locales) para apoyar el comercio local de cada departamento y municipio. | C13: Copia física de proveedores | H13: =IF(D13="X",0,IF(E13="X",0.5,IF(F13="X",0.75,IF(G13="X",1,0)))) -> 0
A14: 9 | B14: Ofrece una alimentación equilibrada, completa y suficiente todos los días en que las niñas, niños y adolescentes permanezcan en la residencia escolar. | C14: Minuta patrón | H14: =IF(D14="X",0,IF(E14="X",0.5,IF(F14="X",0.75,IF(G14="X",1,0)))) -> 0
A15: 10 | B15: Fomenta la cultura del movimiento por medio de la actividad física y el movimiento | C15: Calendario de 10 actividades anuales | H15: =IF(D15="X",0,IF(E15="X",0.5,IF(F15="X",0.75,IF(G15="X",1,0)))) -> 0
A16: 11 | B16: Articula una campaña de autocuidado entre las niñas, niños y adolescentes que promueva la cultura del movimiento como hábito | C16: Acta de sesión | H16: =IF(D16="X",0,IF(E16="X",0.5,IF(F16="X",0.75,IF(G16="X",1,0)))) -> 0
A17: 4.o | H17: =IF(D17="X",0,IF(E17="X",0.5,IF(F17="X",0.75,IF(G17="X",1,""))))
A18: 5.o | H18: =IF(D18="X",0,IF(E18="X",0.5,IF(F18="X",0.75,IF(G18="X",1,""))))
A19: 6.o | H19: =IF(D19="X",0,IF(E19="X",0.5,IF(F19="X",0.75,IF(G19="X",1,""))))
A20: No. Criterio | B20: Criterio de calidad - instrumento | C20: Evidencia | D20: Bajo | E20: Medio | F20: Alto | G20: Superior | H20: Resultado | I20: Mejoramiento Continuo
A21: 12 | B21: Garantiza el cumplimiento de las buenas prácticas de manufactura en todos los procesos de manipulación, preparación y conservación de los alimentos. | C21: Acta de sesión de capacitaciones | H21: =IF(D21="X",0,IF(E21="X",0.5,IF(F21="X",0.75,IF(G21="X",1,0)))) -> 0
A22: 13 | B22: Garantiza la toma antropométrica y el seguimiento nutricional de las niñas, niños y adolescentes. (Tres veces al año) | C22: Formato de captura de datos antropométricos de cada toma antropométrica | H22: =IF(D22="X",0,IF(E22="X",0.5,IF(F22="X",0.75,IF(G22="X",1,0)))) -> 0
A23: 7.o | H23: =IF(D23="X",0,IF(E23="X",0.5,IF(F23="X",0.75,IF(G23="X",1,""))))
A24: 8.o | H24: =IF(D24="X",0,IF(E24="X",0.5,IF(F24="X",0.75,IF(G24="X",1,""))))
A25: 9.o | H25: =IF(D25="X",0,IF(E25="X",0.5,IF(F25="X",0.75,IF(G25="X",1,""))))
B26: TOTAL | D26: =AVERAGE(H2:H10,H12:H19,H21:H25) -> 0

Sheet Infraestructura
A1: No. Criterio | B1: Criterio de calidad - instrumento | C1: Evidencia | D1: No Existe | F1: Existe | H1: Resultado | I1: Mejoramiento Continuo
A2: 1 | B2: La Residencia Escolar conformó un comité de gestión de riesgos. | C2: Acta de conformación del comité | H2: =IF(F2="X",AVERAGE(H17:H19),0) -> 0
A3: 2 | B3: La Residencia escolar cuenta con los documentos actualizados que garanticen la tenencia y propiedad del predio donde se encuentra la institución educativa. | C3: Archivo o carpeta con documentos de propiedad de la IE | H3: =IF(F3="X",1,0) -> 0
A4: 3 | B4: La Residencia escolar cuenta con el servicio de agua potable. | C4: Archivo o carpeta con documentos de Empresas prestadoras de servicios y recibos públicos | H4: =IF(F4="X",1,0) -> 0
A5: 4 | B5: La Residencia escolar cuenta con el servicio de energía eléctrica. | C5: Archivo o carpeta con documentos de Empresas prestadoras de servicios y recibos públicos | H5: =IF(F5="X",1,0) -> 0
A6: 5 | B6: La Residencia escolar cuenta con el servicio de energías alternativas. | C6: Archivo o carpeta con documentos de Empresas prestadoras de servicios y recibos públicos | H6: =IF(F6="X",1,0) -> 0
A7: 6 | B7: La Residencia escolar cuenta con el servicio de manejo de aguas residuales. | C7: Archivo o carpeta con documentos de Empresas prestadoras de servicios y recibos públicos | H7: =IF(F7="X",1,0) -> 0
A8: 7 | B8: La Residencia escolar cuenta con sistemas de recolección de residuos sólidos. | C8: Archivo o carpeta con documentos de Empresas prestadoras de servicios y recibos públicos | H8: =IF(F8="X",1,0) -> 0
A9: 8 | B9: La Residencia escolar cuenta con los espacios educativos, habitacionales y de recreación dotados del mobiliario requerido para el uso y goce adecuado. | C9: Formatos de control de inventarios por espacio y registro fotográfico | H9: =IF(F9="X",1,0) -> 0
A10: 9 | B10: La Residencia escolar cuenta con el menaje y materiales indispensables para realizar las diferentes labores dentro de la residencia (administrativa, alimentación y servicios generales). | C10: Formatos de control de inventarios por espacio y registro fotográfico | H10: =IF(F10="X",1,0) -> 0
A11: 10 | B11: La Residencia escolar cuenta con diferentes puntos ecológicos para arrojar basura dentro de la institución educativa adoptando la cultura del reciclaje. | C11: Planos de localización y minutas de registro puntos ecológicos | H11: =IF(F11="X",1,0) -> 0
A12: 11 | B12: La Residencia escolar cuenta con espacios adaptados e implementa condiciones para el tránsito de personas con discapacidad y movilidad reducida. | C12: Documento de verificación entre RE y ETC (formato y archivo organizado, con registro fotográfico) | H12: =IF(F12="X",1,0) -> 0
A13: 1.o | H13: =IF(F13="X",1,"")
A14: 2.o | H14: =IF(F14="X",1,"")
A15: 3.o | H15: =IF(F15="X",1,"")
A16: No. Criterio | B16: Criterio de calidad - instrumento | C16: Evidencia | D16: Nulo | E16: En desarrollo | F16: Consolidado | G16: Avanzado | H16: Resultado | I16: Mejoramiento Continuo
A17: 1.a | B17: El comité de gestión de riesgos ha elaborado el Protocolo de gestión de riesgos de accidentes (identificación y reducción de riesgos de accidentes, medidas de prevención y acciones en caso de que ocurra el accidente) | C17: Documento con el protocolo de gestión de riesgos de accidentes | H17: =IF(D17="X",0,IF(E17="X",0.5,IF(F17="X",0.75,IF(G17="X",1,0)))) -> 0
A18: 1.b | B18: El comité de gestión de riesgos implementó y socializó el Protocolo gestión de riesgos de accidentes. | C18: Acta en la que se evidencie la socialización del protocolo, y actividades de implementación de este | H18: =IF(D18="X",0,IF(E18="X",0.5,IF(F18="X",0.75,IF(G18="X",1,0)))) -> 0
A19: 1.c | B19: El comité de gestión de riesgos realiza el seguimiento a la implementación del protocolo de gestión de riesgos de accidentes | C19: Acta de seguimiento check list de las medidas de implementación | H19: =IF(D19="X",0,IF(E19="X",0.5,IF(F19="X",0.75,IF(G19="X",1,0)))) -> 0
A20: 12 | B20: La Residencia escolar cuenta con el documento del plan escolar de gestión de riesgos de desastres que incluya: identificación de los riesgos (amenazas y vulnerabilidades); reducción de los riesgos (plan de prevención y mitigación); respuesta a las emergencias (conformación de la brigada, plan de evacuación, contra incendio, primeros auxilios, seguridad, planes de acción, planes de contingencia, un directorio de emergencias, señalización de emergencias, análisis de suministros y recursos) | C20: Documento con el plan escolar de gestión de riesgos de emergencias o desastres. | H20: =IF(D20="X",0,IF(E20="X",0.5,IF(F20="X",0.75,IF(G20="X",1,0)))) -> 0
A21: 13 | B21: La Residencia escolar (comité de gestión de riesgos) implementa y socializa el plan de gestión de riesgos de desastres a toda la institución y a la comunidad | C21: Acta de socialización del documento con la comunidad educativa, y evidencias como fotografías, videos, piezas comunicativas sobre el plan de gestión de riesgos de emergencias | H21: =IF(D21="X",0,IF(E21="X",0.5,IF(F21="X",0.75,IF(G21="X",1,0)))) -> 0
A22: 14 | B22: La Residencia escolar tiene articulación con la instancia de gestión del riesgo de desastres municipal (consejos municipales de gestión del riesgo de desastres) | C22: Actas de articulación intersectorial e interinstitucional. | H22: =IF(D22="X",0,IF(E22="X",0.5,IF(F22="X",0.75,IF(G22="X",1,0)))) -> 0
A23: 15 | B23: El comité de gestión de riesgos realiza el seguimiento a la implementación del plan escolar de gestión de riesgos de desastres. | C23: Check list o actas sobre el seguimiento realizado a la residencia escolar para la correcta implementación del plan escolar de gestión de riesgos. | H23: =IF(D23="X",0,IF(E23="X",0.5,IF(F23="X",0.75,IF(G23="X",1,0)))) -> 0
A24: 16 | B24: La Residencia escolar cuenta con procesos de administración y mantenimiento de la planta física e implementa campañas con la comunidad. | C24: Cronograma general, guiones, minutas, listas de asistencia y registro fotográfico | H24: =IF(D24="X",0,IF(E24="X",0.5,IF(F24="X",0.75,IF(G24="X",1,0)))) -> 0
A25: 4.o | H25: =IF(D25="X",0,IF(E25="X",0.5,IF(F25="X",0.75,IF(G25="X",1,""))))
A26: 5.o | H26: =IF(D26="X",0,IF(E26="X",0.5,IF(F26="X",0.75,IF(G26="X",1,""))))
A27: 6.o | H27: =IF(D27="X",0,IF(E27="X",0.5,IF(F27="X",0.75,IF(G27="X",1,""))))
A28: No. Criterio | B28: Criterio de calidad - instrumento | C28: Evidencia | D28: Nulo | E28: Regular | F28: Buena | G28: Excelente | H28: Resultado | I28: Mejoramiento Continuo
A29: 17 | B29: La Residencia Escolar dispone de espacios en condiciones mínimas para su adecuado funcionamiento acorde al número de estudiantes residentes y sus cuidadores para los siguientes espacios: dormitorios para estudiantes, dormitorios para cuidadores, sala de estar, lavandería, servicios sanitarios y primeros auxilios. | C29: Documento de verificación entre RE y ETC (formato y archivo organizado, con registro fotográfico) | H29: =IF(D29="X",0,IF(E29="X",0.5,IF(F29="X",0.75,IF(G29="X",1,0)))) -> 0
A30: 18 | B30: La Residencia Escolar dispone de espacios en condiciones mínimas para su adecuado funcionamiento acorde al número de estudiantes residentes y sus cuidadores para los siguientes espacios complementarios de su operación: cocina, comedor, zona almacenamiento alimentos, biblioteca, zonas recreativas. | C30: Documento de verificación entre RE y ETC (formato y archivo organizado, con registro fotográfico) | H30: =IF(D30="X",0,IF(E30="X",0.5,IF(F30="X",0.75,IF(G30="X",1,0)))) -> 0
A31: 19 | B31: La Residencia Escolar dispone de espacios en condiciones mínimas para el uso del tiempo libre como: ludoteca, salas de lectura y artes, salas de juego, espacios productivos. | C31: Documento de verificación entre RE y ETC (formato y archivo organizado, con registro fotográfico) | H31: =IF(D31="X",0,IF(E31="X",0.5,IF(F31="X",0.75,IF(G31="X",1,0)))) -> 0
A32: 7.o | H32: =IF(D32="X",0,IF(E32="X",0.5,IF(F32="X",0.75,IF(G32="X",1,""))))
A33: 8.o | H33: =IF(D33="X",0,IF(E33="X",0.5,IF(F33="X",0.75,IF(G33="X",1,""))))
A34: 9.o | H34: =IF(D34="X",0,IF(E34="X",0.5,IF(F34="X",0.75,IF(G34="X",1,""))))
B35: TOTAL | D35: =AVERAGE(H29:H34,H20:H27,H2:H15) -> 0

Sheet Balance general
D1: Componente | E1: Total
D2: Administrativo y Gestión | E2: =Admin -> 0
D3: Familia, Comunidad y Redes | E3: =Flia -> 0
D4: Infraestructura y Ambientes protectores y seguros | E4: =Infra -> 0
D5: Pedagógico y Vida Cotidiana | E5: =peda -> 0
D6: Salud y Nutrición | E6: =salud -> 0
D7: Promedio | E7: =SUBTOTAL(101,Tabla1[Total]) -> 0
B23: Componente | C23: No. Criterio | D23: Criterio de calidad - instrumento | E23: Valoración
A24: 2 | B24: Administrativo y Gestión | C24: 1 | D24: La residencia escolar, cuenta con un documento de la estrategia de acogida, bienestar y permanencia para estudiantes residentes. | E24: =VLOOKUP(C24,Administrativo!$A$1:$H$50,8,0) -> 0
A25: 2 | B25: Administrativo y Gestión | C25: 2 | D25: Se cuenta con instrumentos como: (formatos, fichas) para el respectivo seguimiento y control a los estudiantes residentes durante su permanencia y al momento de salir a visitas familiares o por motivos de salud. | E25: =VLOOKUP(C25,Administrativo!$A$1:$H$50,8,0) -> 0
A26: 2 | B26: Administrativo y Gestión | C26: 3 | D26: Cuando las y los estudiantes salen de la residencia escolar de forma definitiva, se realiza una valoración de salida que incluye el análisis del diario del estudiante residente | E26: =VLOOKUP(C26,Administrativo!$A$1:$H$50,8,0) -> 0
A27: 2 | B27: Administrativo y Gestión | C27: 4 | D27: Cuando las y los estudiantes salen de la residencia escolar de forma definitiva, se realiza una valoración de salida que incluye los desempeños en cada una de las áreas del conocimiento. | E27: =VLOOKUP(C27,Administrativo!$A$1:$H$50,8,0) -> 0
A28: 2 | B28: Administrativo y Gestión | C28: 5 | D28: Cuando las y los estudiantes salen de la residencia escolar de forma definitiva, se realiza una valoración de salida que incluye los aspectos de seguimiento a salidas de la residencia escolar. | E28: =VLOOKUP(C28,Administrativo!$A$1:$H$50,8,0) -> 0
A29: 2 | B29: Administrativo y Gestión | C29: 6 | D29: Cuando las y los estudiantes salen de la residencia escolar de forma definitiva, se realiza una valoración de salida que incluye los aspectos de convivencia, académicos y promoción del grado escolar. | E29: =VLOOKUP(C29,Administrativo!$A$1:$H$50,8,0) -> 0
A30: 2 | B30: Administrativo y Gestión | C30: 7 | D30: Las niñas, niños y adolescentes cumplen con el perfil descrito en el decreto y en los lineamientos técnicos y operativos de las residencias escolares. | E30: =VLOOKUP(C30,Administrativo!$A$1:$H$50,8,0) -> 0
A31: 2 | B31: Administrativo y Gestión | C31: 8 | D31: La residencia escolar cuenta con talento humano adicional al descrito en el decreto y en los lineamientos técnicos y operativos. | E31: =VLOOKUP(C31,Administrativo!$A$1:$H$50,8,0) -> 0
A32: 2 | B32: Administrativo y Gestión | C32: 9 | D32: Se cuenta en la residencia escolar con herramientas para hacer seguimiento diario a las actividades cotidianas de estudiantes residentes (Fichas de seguimiento diario, bitácoras) | E32: =VLOOKUP(C32,Administrativo!$A$1:$H$50,8,0) -> 0
A33: 2 | B33: Administrativo y Gestión | C33: 10 | D33: Los perfiles del talento humano están acordes con lo descrito en el decreto y en los lineamientos técnicos y operativos de las residencias escolares. | E33: =VLOOKUP(C33,Administrativo!$A$1:$H$50,8,0) -> 0
A34: 2 | B34: Administrativo y Gestión | C34: 11 | D34: Como actividades complementarias a los procesos académicos, la residencia escolar programa espacios que involucran a estudiantes residentes teniendo en cuenta aspectos afectivos, emocionales, psicológicos, desarrollo corporal, lúdico, artístico y recreativo. | E34: =VLOOKUP(C34,Administrativo!$A$1:$H$50,8,0) -> 0
A35: 2 | B35: Administrativo y Gestión | C35: 12 | D35: Se cuenta con una instancia o ente específico para la coordinación, seguimiento y apoyo a las actividades que se realizan al interior de la residencia escolar, el cual garantiza la participación de los involucrados. | E35: =VLOOKUP(C35,Administrativo!$A$1:$H$50,8,0) -> 0
... A40: 3 | B40: Administrativo y Gestión | C40: 17 | D40: El personal directivo y administrativo realiza un proceso de seguimiento y auditoría al cargue de matrícula de estudiantes residentes en SIMAT, cumpliendo con principios de calidad, oportunidad y veracidad de la información, atendiendo a orientaciones de las Secretarías de Educación y el MEN. | E40: =VLOOKUP(C40,Administrativo!$A$1:$H$50,8,0) -> 0
A41: 2 | B41: Administrativo y Gestión | C41: 1.o | D41: =VLOOKUP(C41,Administrativo!$A$1:$H$50,2,0) -> 0 | E41: =VLOOKUP(C41,Administrativo!$A$1:$H$50,8,0)
A42: 2 | B42: Administrativo y Gestión | C42: 2.o | D42: =VLOOKUP(C42,Administrativo!$A$1:$H$50,2,0) -> 0 | E42: =VLOOKUP(C42,Administrativo!$A$1:$H$50,8,0)
A43: 2 | B43: Administrativo y Gestión | C43: 3.o | D43: =VLOOKUP(C43,Administrativo!$A$1:$H$50,2,0) -> 0 | E43: =VLOOKUP(C43,Administrativo!$A$1:$H$50,8,0)
A44: 2 | B44: Administrativo y Gestión | C44: 4.o | D44: =VLOOKUP(C44,Administrativo!$A$1:$H$50,2,0) -> 0 | E44: =VLOOKUP(C44,Administrativo!$A$1:$H$50,8,0)
A45: 2 | B45: Administrativo y Gestión | C45: 5.o | D45: =VLOOKUP(C45,Administrativo!$A$1:$H$50,2,0) -> 0 | E45: =VLOOKUP(C45,Administrativo!$A$1:$H$50,8,0)
A46: 2 | B46: Administrativo y Gestión | C46: 6.o | D46: =VLOOKUP(C46,Administrativo!$A$1:$H$50,2,0) -> 0 | E46: =VLOOKUP(C46,Administrativo!$A$1:$H$50,8,0)
A47: 2 | B47: Administrativo y Gestión | C47: 7.o | D47: =VLOOKUP(C47,Administrativo!$A$1:$H$50,2,0) -> 0 | E47: =VLOOKUP(C47,Administrativo!$A$1:$H$50,8,0)
A48: 2 | B48: Administrativo y Gestión | C48: 8.o | D48: =VLOOKUP(C48,Administrativo!$A$1:$H$50,2,0) -> 0 | E48: =VLOOKUP(C48,Administrativo!$A$1:$H$50,8,0)
A49: 2 | B49: Administrativo y Gestión | C49: 9.o | D49: =VLOOKUP(C49,Administrativo!$A$1:$H$50,2,0) -> 0 | E49: =VLOOKUP(C49,Administrativo!$A$1:$H$50,8,0)
A50: 2 | B50: Familia, Comunidad y Redes | C50: 1 | D50: Dispone de la ficha de caracterización sociofamiliar diligenciada de cada estudiante residente. | E50: =VLOOKUP(C50,Familia!$A$1:$H$61,8,0) -> 0
A51: 2 | B51: Familia, Comunidad y Redes | C51: 2 | D51: Activa las rutas de atención ante cualquier situación de vulneración de derechos. | E51: =VLOOKUP(C51,Familia!$A$1:$H$61,8,0) -> 0
A52: 2 | B52: Familia, Comunidad y Redes | C52: 3 | D52: Cuenta con un cronograma donde se visibiliza acciones de fortalecimiento del vínculo Familia – Escuela. | E52: =VLOOKUP(C52,Familia!$A$1:$H$61,8,0) -> 0
A53: 2 | B53: Familia, Comunidad y Redes | C53: 4 | D53: Realiza encuentros periódicos entre la familia y/o responsables, y las niñas, niños y adolescentes. Como una estrategia de fortalecimiento del vínculo afectivo. | E53: =VLOOKUP(C53,Familia!$A$1:$H$61,8,0) -> 0
A54: 2 | B54: Familia, Comunidad y Redes | C54: 5 | D54: Propicia encuentros y/o actividades entre las y los estudiantes residentes y la comunidad. | E54: =VLOOKUP(C54,Familia!$A$1:$H$61,8,0) -> 0
A55: 2 | B55: Familia, Comunidad y Redes | C55: 6 | D55: Fomenta la comunicación (llamadas – video llamadas – mensajes de audio, cartas) permanente entre la familia y las y los estudiantes residentes. | E55: =VLOOKUP(C55,Familia!$A$1:$H$61,8,0) -> 0
A56: 2 | B56: Familia, Comunidad y Redes | C56: 7 | D56: Realiza escuela de padres. (4 veces al año) | E56: =VLOOKUP(C56,Familia!$A$1:$H$61,8,0) -> 0
A57: 2 | B57: Familia, Comunidad y Redes | C57: 8 | D57: Realiza actividades recreo- deportivas vinculando a estudiantes, madres y padres de familia y comunidad. (3 veces al año) | E57: =VLOOKUP(C57,Familia!$A$1:$H$61,8,0) -> 0
A58: 2 | B58: Familia, Comunidad y Redes | C58: 9 | D58: Promueve acciones para visibilizar las prácticas culturales y preservar la cultura de la región. | E58: =VLOOKUP(C58,Familia!$A$1:$H$61,8,0) -> 0
A59: 3 | B59: Familia, Comunidad y Redes | C59: 10 | D59: Cuenta con un plan de acompañamiento psicosocial para cada estudiante residente | E59: =VLOOKUP(C59,Familia!$A$1:$H$61,8,0) -> 0
A60: 3 | B60: Familia, Comunidad y Redes | C60: 11 | D60: Identifica y gestiona situaciones de vulneración de derechos de las y los estudiantes residentes. | E60: =VLOOKUP(C60,Familia!$A$1:$H$61,8,0) -> 0
A61: 3 | B61: Familia, Comunidad y Redes | C61: 12 | D61: Cuenta con un mapeo de actores, ruta de atención integral del Municipio y Plan de Atención Integral. | E61: =VLOOKUP(C61,Familia!$A$1:$H$61,8,0) -> 0
A62: 3 | B62: Familia, Comunidad y Redes | C62: 13 | D62: Dispone de evidencias donde se visibilizan acciones de fortalecimiento del vínculo Familia – Escuela. | E62: =VLOOKUP(C62,Familia!$A$1:$H$61,8,0) -> 0
A63: 2 | B63: Familia, Comunidad y Redes | C63: 1.o | D63: =VLOOKUP(C63,Familia!$A$1:$H$61,2,0) -> 0 | E63: =VLOOKUP(C63,Familia!$A$1:$H$61,8,0)
A64: 2 | B64: Familia, Comunidad y Redes | C64: 2.o | D64: =VLOOKUP(C64,Familia!$A$1:$H$61,2,0) -> 0 | E64: =VLOOKUP(C64,Familia!$A$1:$H$61,8,0)
A65: 2 | B65: Familia, Comunidad y Redes | C65: 3.o | D65: =VLOOKUP(C65,Familia!$A$1:$H$61,2,0) -> 0 | E65: =VLOOKUP(C65,Familia!$A$1:$H$61,8,0)
A66: 2 | B66: Familia, Comunidad y Redes | C66: 4.o | D66: =VLOOKUP(C66,Familia!$A$1:$H$61,2,0) -> 0 | E66: =VLOOKUP(C66,Familia!$A$1:$H$61,8,0)
A67: 2 | B67: Familia, Comunidad y Redes | C67: 5.o | D67: =VLOOKUP(C67,Familia!$A$1:$H$61,2,0) -> 0 | E67: =VLOOKUP(C67,Familia!$A$1:$H$61,8,0)
A68: 2 | B68: Familia, Comunidad y Redes | C68: 6.o | D68: =VLOOKUP(C68,Familia!$A$1:$H$61,2,0) -> 0 | E68: =VLOOKUP(C68,Familia!$A$1:$H$61,8,0)
A69: 2 | B69: Infraestructura y Ambientes protectores y seguros | C69: 1 | D69: La Residencia Escolar conformó un comité de gestión de riesgos. | E69: =VLOOKUP(C69,Infraestructura!$A$1:$H$60,8,0) -> 0
A70: 2 | B70: Infraestructura y Ambientes protectores y seguros | C70: 2 | D70: La Residencia escolar cuenta con los documentos actualizados que garanticen la tenencia y propiedad del predio donde se encuentra la institución educativa. | E70: =VLOOKUP(C70,Infraestructura!$A$1:$H$60,8,0) -> 0
A71: 2 | B71: Infraestructura y Ambientes protectores y seguros | C71: 3 | D71: La Residencia escolar cuenta con el servicio de agua potable. | E71: =VLOOKUP(C71,Infraestructura!$A$1:$H$60,8,0) -> 0
A72: 2 | B72: Infraestructura y Ambientes protectores y seguros | C72: 4 | D72: La Residencia escolar cuenta con el servicio de energía eléctrica. | E72: =VLOOKUP(C72,Infraestructura!$A$1:$H$60,8,0) -> 0
A73: 2 | B73: Infraestructura y Ambientes protectores y seguros | C73: 5 | D73: La Residencia escolar cuenta con el servicio de energías alternativas. | E73: =VLOOKUP(C73,Infraestructura!$A$1:$H$60,8,0) -> 0
A74: 2 | B74: Infraestructura y Ambientes protectores y seguros | C74: 6 | D74: La Residencia escolar cuenta con el servicio de manejo de aguas residuales. | E74: =VLOOKUP(C74,Infraestructura!$A$1:$H$60,8,0) -> 0
A75: 2 | B75: Infraestructura y Ambientes protectores y seguros | C75: 7 | D75: La Residencia escolar cuenta con sistemas de recolección de residuos sólidos. | E75: =VLOOKUP(C75,Infraestructura!$A$1:$H$60,8,0) -> 0
A76: 2 | B76: Infraestructura y Ambientes protectores y seguros | C76: 8 | D76: La Residencia escolar cuenta con los espacios educativos, habitacionales y de recreación dotados del mobiliario requerido para el uso y goce adecuado. | E76: =VLOOKUP(C76,Infraestructura!$A$1:$H$60,8,0) -> 0
A77: 2 | B77: Infraestructura y Ambientes protectores y seguros | C77: 9 | D77: La Residencia escolar cuenta con el menaje y materiales indispensables para realizar las diferentes labores dentro de la residencia (administrativa, alimentación y servicios generales). | E77: =VLOOKUP(C77,Infraestructura!$A$1:$H$60,8,0) -> 0
A78: 2 | B78: Infraestructura y Ambientes protectores y seguros | C78: 10 | D78: La Residencia escolar cuenta con diferentes puntos ecológicos para arrojar basura dentro de la institución educativa adoptando la cultura del reciclaje. | E78: =VLOOKUP(C78,Infraestructura!$A$1:$H$60,8,0) -> 0
A79: 2 | B79: Infraestructura y Ambientes protectores y seguros | C79: 11 | D79: La Residencia escolar cuenta con espacios adaptados e implementa condiciones para el tránsito de personas con discapacidad y movilidad reducida. | E79: =VLOOKUP(C79,Infraestructura!$A$1:$H$60,8,0) -> 0
A80: 3 | B80: Infraestructura y Ambientes protectores y seguros | C80: 12 | D80: La Residencia escolar cuenta con el documento del plan escolar de gestión de riesgos de desastres que incluya: identificación de los riesgos (amenazas y vulnerabilidades); reducción de los riesgos (plan de prevención y mitigación); respuesta a las emergencias (conformación de la brigada, plan de evacuación, contra incendio, primeros auxilios, seguridad, planes de acción, planes de contingencia, un directorio de emergencias, señalización de emergencias, análisis de suministros y recursos) | E80: =VLOOKUP(C80,Infraestructura!$A$1:$H$60,8,0) -> 0
... A84: 3 | B84: Infraestructura y Ambientes protectores y seguros | C84: 16 | D84: La Residencia escolar cuenta con procesos de administración y mantenimiento de la planta física e implementa campañas con la comunidad. | E84: =VLOOKUP(C84,Infraestructura!$A$1:$H$60,8,0) -> 0
A85: 3 | B85: Infraestructura y Ambientes protectores y seguros | C85: 1.a | D85: El comité de gestión de riesgos ha elaborado el Protocolo de gestión de riesgos de accidentes (identificación y reducción de riesgos de accidentes, medidas de prevención y acciones en caso de que ocurra el accidente) | E85: =VLOOKUP(C85,Infraestructura!$A$1:$H$60,8,0) -> 0
A86: 3 | B86: Infraestructura y Ambientes protectores y seguros | C86: 1.b | D86: El comité de gestión de riesgos implementó y socializó el Protocolo gestión de riesgos de accidentes. | E86: =VLOOKUP(C86,Infraestructura!$A$1:$H$60,8,0) -> 0
A87: 3 | B87: Infraestructura y Ambientes protectores y seguros | C87: 1.c | D87: El comité de gestión de riesgos realiza el seguimiento a la implementación del protocolo de gestión de riesgos de accidentes | E87: =VLOOKUP(C87,Infraestructura!$A$1:$H$60,8,0) -> 0
A88: 5 | B88: Infraestructura y Ambientes protectores y seguros | C88: 17 | D88: La Residencia Escolar dispone de espacios en condiciones mínimas para su adecuado funcionamiento acorde al número de estudiantes residentes y sus cuidadores para los siguientes espacios: dormitorios para estudiantes, dormitorios para cuidadores, sala de estar, lavandería, servicios sanitarios y primeros auxilios. | E88: =VLOOKUP(C88,Infraestructura!$A$1:$H$60,8,0) -> 0
A89: 5 | B89: Infraestructura y Ambientes protectores y seguros | C89: 18 | D89: La Residencia Escolar dispone de espacios en condiciones mínimas para su adecuado funcionamiento acorde al número de estudiantes residentes y sus cuidadores para los siguientes espacios complementarios de su operación: cocina, comedor, zona almacenamiento alimentos, biblioteca, zonas recreativas. | E89: =VLOOKUP(C89,Infraestructura!$A$1:$H$60,8,0) -> 0
A90: 5 | B90: Infraestructura y Ambientes protectores y seguros | C90: 19 | D90: La Residencia Escolar dispone de espacios en condiciones mínimas para el uso del tiempo libre como: ludoteca, salas de lectura y artes, salas de juego, espacios productivos. | E90: =VLOOKUP(C90,Infraestructura!$A$1:$H$60,8,0) -> 0
A91: 2 | B91: Infraestructura y Ambientes protectores y seguros | C91: 1.o | D91: =VLOOKUP(C91,Infraestructura!$A$1:$H$60,2,0) -> 0 | E91: =VLOOKUP(C91,Infraestructura!$A$1:$H$60,8,0)
A92: 2 | B92: Infraestructura y Ambientes protectores y seguros | C92: 2.o | D92: =VLOOKUP(C92,Infraestructura!$A$1:$H$60,2,0) -> 0 | E92: =VLOOKUP(C92,Infraestructura!$A$1:$H$60,8,0)
A93: 2 | B93: Infraestructura y Ambientes protectores y seguros | C93: 3.o | D93: =VLOOKUP(C93,Infraestructura!$A$1:$H$60,2,0) -> 0 | E93: =VLOOKUP(C93,Infraestructura!$A$1:$H$60,8,0)
A94: 2 | B94: Infraestructura y Ambientes protectores y seguros | C94: 4.o | D94: =VLOOKUP(C94,Infraestructura!$A$1:$H$60,2,0) -> 0 | E94: =VLOOKUP(C94,Infraestructura!$A$1:$H$60,8,0)
A95: 2 | B95: Infraestructura y Ambientes protectores y seguros | C95: 5.o | D95: =VLOOKUP(C95,Infraestructura!$A$1:$H$60,2,0) -> 0 | E95: =VLOOKUP(C95,Infraestructura!$A$1:$H$60,8,0)
A96: 2 | B96: Infraestructura y Ambientes protectores y seguros | C96: 6.o | D96: =VLOOKUP(C96,Infraestructura!$A$1:$H$60,2,0) -> 0 | E96: =VLOOKUP(C96,Infraestructura!$A$1:$H$60,8,0)
A97: 2 | B97: Infraestructura y Ambientes protectores y seguros | C97: 7.o | D97: =VLOOKUP(C97,Infraestructura!$A$1:$H$60,2,0) -> 0 | E97: =VLOOKUP(C97,Infraestructura!$A$1:$H$60,8,0)
A98: 2 | B98: Infraestructura y Ambientes protectores y seguros | C98: 8.o | D98: =VLOOKUP(C98,Infraestructura!$A$1:$H$60,2,0) -> 0 | E98: =VLOOKUP(C98,Infraestructura!$A$1:$H$60,8,0)
A99: 2 | B99: Infraestructura y Ambientes protectores y seguros | C99: 9.o | D99: =VLOOKUP(C99,Infraestructura!$A$1:$H$60,2,0) -> 0 | E99: =VLOOKUP(C99,Infraestructura!$A$1:$H$60,8,0)
A100: 2 | B100: Pedagógico y Vida Cotidiana | C100: 1 | D100: Hay evidencia de reuniones con docentes del EE para informarse y hacer seguimiento al desempeño académico de las niñas, los niños y las y los adolescentes residentes. | E100: =VLOOKUP(C100,Pedagogico!$A$1:$H$61,8,0) -> 0
A101: 2 | B101: Pedagógico y Vida Cotidiana | C101: 2 | D101: Hay evidencia de reuniones con padres de familia, acudientes y / o cuidadores para informarlos sobre el desempeño académico de las niñas, los niños y las y los adolescentes residentes y su comportamiento en la RE. | E101: =VLOOKUP(C101,Pedagogico!$A$1:$H$61,8,0) -> 0
A102: 2 | B102: Pedagógico y Vida Cotidiana | C102: 3 | D102: Se planean y desarrollan espacios para las celebraciones de cumpleaños y reconocimientos de logros de NNA. | E102: =VLOOKUP(C102,Pedagogico!$A$1:$H$61,8,0) -> 0
A103: 2 | B103: Pedagógico y Vida Cotidiana | C103: 4 | D103: Se planean y desarrollan espacios de capacitación y reflexión para fortalecer estrategias de autodeterminación, autonomía y toma de decisiones. | E103: =VLOOKUP(C103,Pedagogico!$A$1:$H$61,8,0) -> 0
A104: 2 | B104: Pedagógico y Vida Cotidiana | C104: 5 | D104: Se planean y desarrollan actividades para fortalecer hábitos de lectura y escritura de NNA. | E104: =VLOOKUP(C104,Pedagogico!$A$1:$H$61,8,0) -> 0
A105: 2 | B105: Pedagógico y Vida Cotidiana | C105: 6 | D105: Se planean y desarrollan espacios de análisis de interacción con medios masivos (televisión, internet, redes sociales). | E105: =VLOOKUP(C105,Pedagogico!$A$1:$H$61,8,0) -> 0
A106: 2 | B106: Pedagógico y Vida Cotidiana | C106: 7 | D106: Se desarrollan espacios de afianzamiento de la identidad (infancia, pubertad, adolescencia) acordes con el ciclo vital. | E106: =VLOOKUP(C106,Pedagogico!$A$1:$H$61,8,0) -> 0
A107: 2 | B107: Pedagógico y Vida Cotidiana | C107: 8 | D107: Se planean y desarrollan espacios de fortalecimiento psicosocial con perspectiva de género. | E107: =VLOOKUP(C107,Pedagogico!$A$1:$H$61,8,0) -> 0
A108: 2 | B108: Pedagógico y Vida Cotidiana | C108: 9 | D108: Se crean espacios para la solución mediada y pacífica de conflictos o contravenciones al manual de convivencia de la RE. | E108: =VLOOKUP(C108,Pedagogico!$A$1:$H$61,8,0) -> 0
A109: 2 | B109: Pedagógico y Vida Cotidiana | C109: 10 | D109: Se planean, plantean y desarrollan proyectos productivos acordes con las características del contexto. | E109: =VLOOKUP(C109,Pedagogico!$A$1:$H$61,8,0) -> 0
A110: 2 | B110: Pedagógico y Vida Cotidiana | C110: 11 | D110: Se crean los Planes Individuales de Ajustes Razonables para las niñas, los niños y las y los adolescentes con discapacidad. | E110: =VLOOKUP(C110,Pedagogico!$A$1:$H$61,8,0) -> 0
B111: Pedagógico y Vida Cotidiana | C111: 12 | D111: Se identifican y se promueven acciones pedagógicas que favorezcan los intereses particulares de los NNA (música, arte, deporte, tradición oral,). | E111: =VLOOKUP(C111,Pedagogico!$A$1:$H$61,8,0) -> 0
A112: 3 | B112: Pedagógico y Vida Cotidiana | C112: 13 | D112: Se definen los momentos claros para las rutinas diarias; se plantean sin sobrepasar los tiempos del descanso; están visibles, y las niñas, los niños y las y los adolescentes saben en qué consisten y en qué momentos concretos desarrollarlos. | E112: =VLOOKUP(C112,Pedagogico!$A$1:$H$61,8,0) -> 0
A113: 3 | B113: Pedagógico y Vida Cotidiana | C113: 14 | D113: Se sigue un protocolo claro y visible para hacer el seguimiento a las rutinas diarias y hay una o un responsable de diligenciarlo. | E113: =VLOOKUP(C113,Pedagogico!$A$1:$H$61,8,0) -> 0
A114: 3 | B114: Pedagógico y Vida Cotidiana | C114: 15 | D114: Se ofrecen apoyos pedagógicos para el cumplimiento de las labores académicas que deben realizar las y los NNA. | E114: =VLOOKUP(C114,Pedagogico!$A$1:$H$61,8,0) -> 0
A115: 3 | B115: Pedagógico y Vida Cotidiana | C115: 16 | D115: Se crean planes de mejoramiento individualizados, tanto para las dinámicas del habitar en la RE, como para el desempeño académico de NNA residentes. | E115: =VLOOKUP(C115,Pedagogico!$A$1:$H$61,8,0) -> 0
A116: 2 | B116: Infraestructura y Ambientes protectores y seguros | C116: 1.o | D116: =VLOOKUP(C116,Pedagogico!$A$1:$H$61,2,0) -> 0 | E116: =VLOOKUP(C116,Pedagogico!$A$1:$H$61,8,0)
A117: 2 | B117: Infraestructura y Ambientes protectores y seguros | C117: 2.o | D117: =VLOOKUP(C117,Pedagogico!$A$1:$H$61,2,0) -> 0 | E117: =VLOOKUP(C117,Pedagogico!$A$1:$H$61,8,0)
A118: 2 | B118: Infraestructura y Ambientes protectores y seguros | C118: 3.o | D118: =VLOOKUP(C118,Pedagogico!$A$1:$H$61,2,0) -> 0 | E118: =VLOOKUP(C118,Pedagogico!$A$1:$H$61,8,0)
A119: 2 | B119: Infraestructura y Ambientes protectores y seguros | C119: 4.o | D119: =VLOOKUP(C119,Pedagogico!$A$1:$H$61,2,0) -> 0 | E119: =VLOOKUP(C119,Pedagogico!$A$1:$H$61,8,0)
A120: 2 | B120: Infraestructura y Ambientes protectores y seguros | C120: 5.o | D120: =VLOOKUP(C120,Pedagogico!$A$1:$H$61,2,0) -> 0 | E120: =VLOOKUP(C120,Pedagogico!$A$1:$H$61,8,0)
A121: 2 | B121: Infraestructura y Ambientes protectores y seguros | C121: 6.o | D121: =VLOOKUP(C121,Pedagogico!$A$1:$H$61,2,0) -> 0 | E121: =VLOOKUP(C121,Pedagogico!$A$1:$H$61,8,0)
A122: 2 | B122: Salud y Nutrición | C122: 1 | D122: Verificar que los niñas, niños y adolescentes estén inscritos en el Sistema General de Seguridad Social en Salud | E122: =VLOOKUP(C122,Salud!$A$1:$H$60,8,0) -> 0
...
